 Dungeon Crawl Stone Soup version 0.27-a0-385-g3208abaabc (webtiles) character file.

Game seed: 14724208511527411179

1343061 CryoSword the Ruinous (level 27, -21/266 HPs)
             Began as a Demigod Conjurer on Feb 17, 2021.
             Demolished by Loyrison the pandemonium lord (29 damage)
             ... on level 13 of a ziggurat on Feb 19, 2021.
             The game lasted 14:58:59 (148222 turns).

CryoSword the Ruinous (Demigod Conjurer)          Turns: 148222, Time: 14:58:59

Health: -21/266    AC: 54    Str: 31    XL:     27
Magic:  5/60       EV: 26    Int: 54    God:
Gold:   12542      SH: 10    Dex: 27    Spells: 7/61 levels left

rFire    + . .     SeeInvis .   a - staff of conjuration
rCold    + + +     Faith    .   F - +1 buckler "Nawnesm" {rC+ rCorr Int+6 Slay-4}
rNeg     + + +     Spirit   .   r - +8 orange crystal plate armour {Archmagi, Int+3 Clar}
rPois    ∞         Reflect  .   x - +0 helmet "Gomm" {Int+5 Stlth+}
rElec    +         Harm     .   i - scarf {repulsion}
rCorr    +         Rampage  .   o - +4 pair of gloves of Vunem Piaw {rElec rC+ Str+5 Dex+4}
Will     +++++     Clarity  +   d - +2 pair of boots {Stlth+}
Stlth    ..........             q - amulet "Dinla" {RegenMP Will+}
HPRegen  0.54/turn              C - ring of Wibalag {rF+ Dex+3}
MPRegen  0.62/turn              L - ring of Gemn {Will+ MP+9 Str+6 Dex+4, =R}

@: mighty, agile, lich-form, weakened, very slightly contaminated, hasted,
studying 4 skills, repel missiles, very quick
A: high mp 1, subdued magic 1
}: 14/15 runes: serpentine, barnacled, slimy, silver, iron, obsidian, icy, bone,
abyssal, demonic, glowing, magical, fiery, dark
a: End Transformation


You were on level 13 of a ziggurat.
You were a lich.
You visited 16 branches of the dungeon, and saw 85 of its levels.
You visited Pandemonium 1 time, and saw 17 of its levels.
You visited the Abyss 2 times.
You visited 1 ziggurat, and saw 13 of its levels.
You also visited: Trove, Sewer, Gauntlet, Ice Cave and Desolation.

You collected 18274 gold pieces.
You spent 5732 gold pieces at shops.

Inventory:

Hand Weapons
 m - the +7 lajatang of Order {silver, rMut}
   (You acquired it on level 2 of the Depths)

   It protects you from mutation.
 n - the +5 dagger "Gaxeplak" {freeze, Will+ Str+5 Int-2 SInv}
   (You found it on level 6 of a ziggurat)

   It has been specially enchanted to freeze those struck by it, causing extra
   injury to most foes and up to half again as much damage against particularly
   susceptible opponents.
   It can also slow down cold-blooded creatures.
   It affects your strength (+5).
   It affects your intelligence (-2).
   It affects your willpower, your defense against some magical effects.
   It lets you see invisible.
 w - the +10 dagger "Goblinbane" {elec, rElec rF++ MP+9 Dex+2}
   (You took it off a deep elf elementalist on level 5 of the Vaults)

   Occasionally, upon striking a foe, it can discharge electrical energy and
   cause terrible harm.
   It affects your dexterity (+2).
   It greatly protects you from fire.
   It insulates you from electricity.
   It affects your magic capacity (+9).
Missiles
 R - 5 throwing nets (quivered)
Armour
 d - a +2 pair of boots of stealth (worn)
   (You found it in Pandemonium)
 i - a scarf of repulsion (worn)
   (You found it in a Gauntlet)
 o - the +4 pair of gloves of Vunem Piaw (worn) {rElec rC+ Str+5 Dex+4}
   (You found it on level 7 of Cocytus)

   It affects your strength (+5).
   It affects your dexterity (+4).
   It protects you from cold.
   It insulates you from electricity.
 r - the +8 orange crystal plate armour (worn) {Archmagi, Int+3 Clar}
   (You took it off a vault warden on level 5 of the Vaults)

   It affects your intelligence (+3).
   It protects you against confusion.
 s - a scarf of shadows
   (You found it in a Gauntlet)
 x - the +0 helmet "Gomm" (worn) {Int+5 Stlth+}
   (You found it on level 4 of the Lair of Beasts)

   It affects your intelligence (+5).
   It makes you more stealthy.
 F - the +1 buckler "Nawnesm" (worn) {rC+ rCorr Int+6 Slay-4}
   (You took it off an orc on level 10 of the Dungeon)

   It affects your intelligence (+6).
   It affects your accuracy and damage with ranged weapons and melee attacks
   (-4).
   It protects you from cold.
   It provides partial protection from all sources of acid and corrosion.
Magical Staves
 a - a staff of conjuration (weapon)
   (You found it on level 12 of the Dungeon)
 b - a staff of death
   (You found it on level 7 of Cocytus)
Jewellery
 g - the amulet of Vitality {Regen+ HP+15}
   (You found it on level 3 of the Depths)

   [amulet of regeneration]

   It affects your health (+15).
   It increases your rate of regeneration.
 q - the amulet "Dinla" (around neck) {RegenMP Will+}
   (You found it on level 5 of the Pits of Slime)

   [amulet of magic regeneration]

   It increases your magic regeneration.
   It affects your willpower, your defense against some magical effects.
 y - a ring of flight
   (You found it on level 4 of the Depths)
 C - the ring of Wibalag (left hand) {rF+ Dex+3}
   (You found it on level 10 of a ziggurat)

   [ring of protection from fire]

   It affects your dexterity (+3).
   It protects you from fire.
 K - the ring of Hubab {rElec Will++ rCorr Str+6}
   (You took it off a fire giant on level 10 of the Dungeon)

   [ring of resist corrosion]

   It affects your strength (+6).
   It insulates you from electricity.
   It affects your willpower, your defense against some magical effects.
   It provides partial protection from all sources of acid and corrosion.
 L - the ring of Gemn (right hand) {Will+ MP+9 Str+6 Dex+4, =R}
   (You took it off a minotaur in a Gauntlet)

   [ring of strength]

   It affects your strength (+6).
   It affects your dexterity (+4).
   It affects your willpower, your defense against some magical effects.
   It affects your magic capacity (+9).
 S - the ring "Mypat" {+Blink rF+ rN+++ Will+ Int-2}
   (You found it on level 3 of the Snake Pit)

   [ring of willpower]

   It affects your intelligence (-2).
   It protects you from fire.
   It renders you almost immune to negative energy.
   It affects your willpower, your defense against some magical effects.
   It lets you blink.
Wands
 v - a wand of iceblast (98)
   (You took it off Ijyb on level 4 of the Dungeon)
 J - a wand of acid (39)
   (You found it on level 6 of the Dungeon)
 N - a wand of digging (22)
   (You found it on level 5 of the Dungeon)
Scrolls
 c - a scroll of summoning
 f - 9 scrolls of immolation {!r}
 j - 4 scrolls of enchant weapon
 k - 8 scrolls of identify {@r1}
 u - 22 scrolls of teleportation {@r4}
 B - 5 scrolls of enchant armour
 D - 7 scrolls of fear
 E - 5 scrolls of magic mapping
 H - 7 scrolls of silence
 I - 18 scrolls of holy word {!r}
 Q - 10 scrolls of fog
 Z - 6 scrolls of vulnerability {!r}
Potions
 e - 3 potions of resistance
 l - 4 potions of heal wounds {@q2}
 t - 9 potions of ambrosia
 z - 7 potions of cancellation
 A - 13 potions of brilliance
 G - 34 potions of curing {@q1}
 M - 5 potions of haste {@q3}
 P - 7 potions of invisibility
 T - 5 potions of magic
 U - 9 potions of might
 W - 9 potions of mutation {!q}
Miscellaneous
 h - a phantom mirror (inert)
   (You found it in the Desolation of Salt)


   Skills:
 - Level 25.1 Fighting
 - Level 0.5(11.8) Maces & Flails
 - Level 17.4 Staves
 - Level 23.2 Armour
 * Level 14.1 Dodging
 - Level 10.0 Stealth
 + Level 13.0 Shields
 * Level 17.8 Spellcasting
 + Level 25.4 Conjurations
 - Level 15.1 Hexes
 - Level 13.2 Summonings
 - Level 20.3 Necromancy
 - Level 5.0 Translocations
 - Level 18.0 Transmutations
 * Level 6.0 Fire Magic
 - Level 3.1 Air Magic
 - Level 13.6 Earth Magic
 - Level 6.0 Evocations


You had 7 spell levels left.
You knew the following spells:

 Your Spells              Type           Power        Failure   Level
a - Iron Shot             Conj/Erth      82%          1%          6
b - Orb of Destruction    Conj           90%          1%          7
c - Sublimation of Blood  Necr           84%          0%          2
d - Fulminant Prism       Conj/Hex       83%          0%          4
e - Iskenderun's Mystic   Conj/Tloc      100%         1%          4
g - Cause Fear            Hex            63%          1%          4
h - Blink                 Tloc           N/A          1%          2
i - Apportation           Tloc           100%         1%          1
j - Passage of Golubria   Tloc           N/A          1%          4
u - Necromutation         Tmut/Necr      82%          4%          8
y - Summon Mana Viper     Hex/Summ       100%         1%          5
z - Spellforged Servitor  Conj/Summ      82%          1%          7

Your spell library contained the following spells:

 Spells                   Type           Power        Failure   Level
 Animate Skeleton         Necr           100%         0%          1
 Beastly Appendage        Tmut           100%         0%          1
 Corona                   Hex            100%         0%          1
 Foxfire                  Conj/Fire      100%         0%          1
 Magic Dart               Conj           100%         0%          1
 Pain                     Necr           100%         0%          1
 Sandblast                Erth           100%         0%          1
 Shock                    Conj/Air       100%         0%          1
 Summon Small Mammal      Summ           100%         0%          1
 Call Imp                 Summ           100%         0%          2
 Corpse Rot               Necr/Air       N/A          0%          2
 Passwall                 Tmut/Erth      100%         0%          2
 Searing Ray              Conj           100%         0%          2
 Slow                     Hex            100%         0%          2
 Wereblood                Tmut           100%         0%          2
 Call Canine Familiar     Summ           100%         0%          3
 Confusing Touch          Hex            100%         0%          3
 Conjure Flame            Conj/Fire      100%         0%          3
 Dazzling Flash           Conj/Hex       100%         0%          3
 Static Discharge         Conj/Air       100%         0%          3
 Stone Arrow              Conj/Erth      100%         0%          3
 Summon Guardian Golem    Hex/Summ       100%         0%          3
 Tukima's Dance           Hex            100%         0%          3
 Vampiric Draining        Necr           84%          0%          3
 Animate Dead             Necr           84%          0%          4
 Dispel Undead            Necr           100%         0%          4
 Petrify                  Tmut/Erth      100%         0%          4
 Sticky Flame             Conj/Fire      100%         0%          4
 Agony                    Necr           100%         0%          5
 Excruciating Wounds      Necr           84%          0%          5
 Irradiate                Conj/Tmut      85%          0%          5
 Iskenderun's Battlesphe  Conj           100%         0%          5
 Freeze                   Ice            100%         1%          1
 Sting                    Tmut/Pois      100%         1%          1
 Ensorcelled Hibernation  Hex/Ice        100%         1%          2
 Poisonous Vapours        Pois/Air       100%         1%          2
 Swiftness                Air            76%          1%          2
 Gell's Gravitas          Tloc           43%          1%          3
 Ignite Poison            Fire/Tmut/Pois 100%         1%          3
 Inner Flame              Hex/Fire       100%         1%          3
 Lesser Beckoning         Tloc           43%          1%          3
 Mephitic Cloud           Conj/Pois/Air  100%         1%          3
 Portal Projectile        Hex/Tloc       100%         1%          3
 Spider Form              Tmut/Pois      53%          1%          3
 Teleport Other           Tloc           87%          1%          3
 Animate Armour           Summ/Erth      100%         1%          4
 Hailstorm                Conj/Ice       100%         1%          4
 Ice Form                 Ice/Tmut       100%         1%          4
 Leda's Liquefaction      Hex/Erth       62%          1%          4
 Manifold Assault         Tloc           87%          1%          4
 Summon Ice Beast         Ice/Summ       95%          1%          4
 Summon Lightning Spire   Summ/Air       100%         1%          4
 Alistair's Intoxication  Tmut/Pois      70%          1%          5
 Blade Hands              Tmut           68%          1%          5
 Bolt of Magma            Conj/Fire/Erth 76%          1%          5
 Borgnjor's Vile Clutch   Necr/Erth      79%          1%          5
 Fireball                 Conj/Fire      77%          1%          5
 Lee's Rapid Deconstruct  Erth           61%          1%          5
 Lightning Bolt           Conj/Air       75%          1%          5
 Metabolic Englaciation   Hex/Ice        49%          1%          5
 Silence                  Hex/Air        53%          1%          5
 Summon Forest            Summ/Tloc      53%          1%          5
 Yara's Violent Unravell  Hex/Tmut       66%          1%          5
 Conjure Ball Lightning   Conj/Air       75%          1%          6
 Death Channel            Necr           84%          1%          6
 Hydra Form               Tmut           68%          1%          6
 Invisibility             Hex            100%         1%          6
 Shadow Creatures         Summ           N/A          1%          6
 Statue Form              Tmut/Erth      86%          1%          6
 Dragon Form              Tmut           68%          1%          7
 Simulacrum               Ice/Necr       67%          3%          6
 Frozen Ramparts          Ice            100%         4%          3
 Ozocubu's Armour         Ice            53%          4%          3
 Airstrike                Air            38%          4%          4
 Freezing Cloud           Conj/Ice/Air   65%          5%          6
 Summon Hydra             Summ           60%          6%          7
 Eringya's Noxious Bog    Tmut/Pois      53%          7%          6
 Olgreb's Toxic Radiance  Pois           53%          19%         4
 Dispersal                Tloc           43%          34%         6
 Ozocubu's Refrigeration  Ice            26%          100%        7
 Borgnjor's Revivificati  Necr           84%          2%          8
 Infestation              Necr           84%          2%          8
 Lehudib's Crystal Spear  Conj/Erth      82%          3%          8
 Discord                  Hex            63%          24%         8
 Chain Lightning          Conj/Air       75%          32%         8
 Death's Door             Necr           84%          41%         9
 Fire Storm               Conj/Fire      77%          97%         9
 Disjunction              Tloc           43%          100%        8
 Ignition                 Fire           46%          100%        8
 Absolute Zero            Ice            26%          100%        9
 Dragon's Call            Summ           60%          100%        9
 Shatter                  Erth           61%          100%        9
 Tornado                  Air            38%          100%        9


Dungeon Overview and Level Annotations

Branches:
Dungeon (15/15)            Temple (0/1) D:6            Lair (6/6) D:9
 Shoals (4/4) Lair:2        Snake (4/4) Lair:4        Slime (5/5) Lair:5
    Orc (2/2) D:12            Elf (0/3) Orc:2        Vaults (5/5) D:13
  Crypt (3/3) Vaults:3       Tomb (2/3) Crypt:3      Depths (5/5) D:15
   Hell (visited)             Dis (7/7) Hell            Geh (7/7) Hell
    Coc (7/7) Hell            Tar (7/7) Hell            Zot (5/5) Depths:5
  Sewer (visited)           IceCv (visited)         Desolation (visited)
Gauntlet (visited)

Shops:
D:13 =   Orc:2 =?[?[   Shoals:4 =   Depths:1 !   Depths:2 :   Depths:3 *:([
Depths:4 *:==

Portals:
Hell: Depths:1 Depths:2 Depths:3 Depths:4 Depths:5
Abyss: Depths:4
Pandemonium: Depths:3 Depths:4

Annotations:
Zot:5 1 exclusion
Zig:13 exclusion: obsidian statue


Innate Abilities, Weirdness & Mutations

You have an increased reservoir of magic. (+10% MP)
Your spells are a little easier to cast, but a little less powerful.


Message History

The ynoxinul is engulfed in seething chaos.
The ynoxinul seems to slow down.
The ynoxinul gestures.
The Hell Sentinel hits you but does no damage.
You block the Hell Sentinel's attack.
The torturous warmonger is engulfed in seething chaos.
The torturous warmonger mumbles some strange prayers to its god against you.
Nothing appears to happen.
The Ice Fiend is engulfed in seething chaos.
You hear blowing wind.
The air twists around and strikes you!!
* * * LOW HITPOINT WARNING * * *
Loyrison hits you but does no damage.
You feel a strong surge of power!
You erupt in a blast of force!
The mystic blast hits the ufetubus!
You kill the ufetubus!
The mystic blast hits something!!
The mystic blast hits the Ice Fiend!
The Ice Fiend is knocked back by the mystic blast.
The mystic blast hits the red devil!!
You kill the red devil!
The mystic blast hits the green death!!
The green death is knocked back by the mystic blast.
The mystic blast hits Loyrison!!
Loyrison is knocked back by the mystic blast.
Loyrison collides with the ynoxinul!
The mystic blast hits the torturous warmonger!!
The torturous warmonger is knocked back by the mystic blast.
The mystic blast hits the Hell Sentinel but does no damage.
You are engulfed in seething chaos.
You feel mightier all of a sudden.
A freezing blast appears from out of thin air!
Deactivating autopickup; reactivate with Ctrl-A.
The freezing blast misses you. The Hell Sentinel closely misses you.
The Hell Sentinel hits you but does no damage.
You can't drink.
Unknown command.
Unknown command.
As you read the scroll of summoning, it crumbles to dust.
Wisps of shadow whirl around you...
The torturous warmonger is no longer moving slowly.
Loyrison is engulfed in seething chaos.
Loyrison seems to speed up.
Loyrison hits your orange demon!
A bolt of lightning appears from out of thin air!
The bolt of lightning hits your orange demon!!!
The bolt of lightning is repelled.
The bolt of lightning hits your gelid blood saint!!
The bolt of lightning hits your gelid blood saint!
The bolt of lightning misses your lorocyproca.
The ufetubus is engulfed in seething chaos.
The ufetubus hits your orange demon but does no damage.
The ufetubus barely misses your orange demon.
The Ice Fiend gestures at you. The bolt of cold hits your balrug!!!
Your balrug is frozen!
The bolt of cold hits the Hell Sentinel.
The Hell Sentinel completely resists.
The bolt of cold hits you! You resist.
* * * LOW HITPOINT WARNING * * *
A bolt of cold appears from out of thin air!
The bolt of cold misses you.
The bolt of cold hits your gelid blood saint.
Your gelid blood saint completely resists.
You block the Hell Sentinel's attack.
The Hell Sentinel completely misses you.
Loyrison hits your orange demon!!!
Your orange demon dies!
The green death gestures at you.
The bolt of poison hits your gelid black sun!!
Your gelid black sun is poisoned.
The bolt of poison hits the Hell Sentinel.
The Hell Sentinel completely resists.
The bolt of poison misses you.
You convulse!
* * * LOW HITPOINT WARNING * * *
Here: Loyrison (moderately wounded, fast, surrounded by chaotic energy) Item here: a +0 trident.
The floor.
Unknown command.
Blink to where?
As you read the scroll of blinking, it crumbles to dust.
The orange demon is no longer petrified.
The ufetubus is engulfed in seething chaos. x2
The ufetubus seems to grow stronger.
The ufetubus is engulfed in seething chaos.
The ufetubus suddenly seems more agile.
The ufetubus is engulfed in seething chaos.
Your tormentor hits the Hell Sentinel but does no damage. x2
As you read the scroll of fog, it crumbles to dust.
The scroll dissolves into smoke.
The ufetubus is engulfed in freezing vapours.
Your tormentor hits the Hell Sentinel but does no damage. x2
The ufetubus is engulfed in seething chaos.
Your gelid black sun barely misses the Hell Sentinel.
Your gelid blood saint hits the Hell Sentinel but does no damage.
Here: a torturous warmonger, wielding a +2 vampiric lajatang and wearing a +1 plate armour of poison resistance (heavily wounded, fast)
The floor.
Unknown command.
Unknown command.
As you read the scroll of summoning, it crumbles to dust.
Wisps of shadow whirl around you... Something misses your tormentor.
Something barely misses your tormentor.
A bolt of lightning appears from out of thin air!
The bolt of lightning hits Loyrison.
Loyrison completely resists.
The bolt of lightning misses you.
The bolt of lightning hits your tormentor!! x2
Your tormentor dies!
Your tormentor is engulfed in freezing vapours.
Your tormentor hits the Hell Sentinel but does no damage.
Your tormentor completely misses the Hell Sentinel.
The ufetubus is engulfed in seething chaos.
The ufetubus flickers and vanishes!
The ufetubus is engulfed in seething chaos.
Something barely misses your tormentor. Something hits your tormentor.
Your lorocyproca is engulfed in freezing vapours.
Your gelid blood saint conjures a destructive force in the name of Makhleb!
The fireball explodes!
The fireball engulfs the Hell Sentinel.
The Hell Sentinel completely resists.
You hear a sizzling sound!
The fireball engulfs something!!!
Reactivating autopickup.
You feel a bit more experienced. The fireball engulfs your lorocyproca!
Your lorocyproca resists.
The fireball engulfs something!!!
The ghostly flame explodes!
The ghostly fireball engulfs the Hell Sentinel.
The Hell Sentinel completely resists.
The ghostly fireball engulfs your lorocyproca.
Your lorocyproca completely resists.
Your Fire Magic skill increases to level 6!
You feel yourself speed up.
Loyrison sneers, "Flee if wit thou hast!"
Loyrison hits you!!
* * * LOW HITPOINT WARNING * * *
You feel as though you will be weak longer.
The floor.
There is a cloud of grey smoke here.
Okay, then.
Hit: a) staff of conjuration
Aim: Loyrison (grey smoke, moderately wounded, fast, surrounded by chaotic energy, about 26% to evade your staff of conjuration)
Okay, then.
Aim: a torturous warmonger, wielding a +2 vampiric lajatang and wearing a +1 plate armour of poison resistance (grey smoke, heavily wounded, fast, ally target)
You reflect the torturous warmonger with the mirror!
The mirror clouds!
Loyrison hits you but does no damage. Something hits your blizzard demon.
Something hits your blizzard demon!!
You block the torturous warmonger's attack.
Something barely misses your torturous warmonger. x2
Loyrison sneers, "Quit whilst life thou hast!"
Your blizzard demon completely misses Loyrison. x2
Loyrison hits you but does no damage.
Something hits your torturous warmonger but does no damage.
Something hits your torturous warmonger.
Loyrison hits you!!
You die...

▓▓...5§§.§...1.......
▓...§.{4§............
▓§§§§§.35....2.......
▓▓§{§§§..........)....
▓§§§§§...........§§§§.
▓▓§2§§§.........§§.§..
▓§665§§....(...§§....
▓.§§&§...............
▓▓.§L§...............
▓▓..................
▓▓.................
▓▓...............8
▓▓▓▓...........▓ ▓▓▓▓


You could see Loyrison (fast, clouds), a torturous warmonger (fast), an ufetubus
(summoned) and a friendly torturous warmonger (summoned, fast, drained).

Vanquished Creatures
  Asmodeus (Geh:7)
  Antaeus (Coc:7)
  the Royal Jelly (Slime:5)
  Ereshkigal (Tar:7)
  Gloorx Vloq (Pan)
  Lom Lobon (Pan)
  Mnoleg (Pan)
  A dread lich (Crypt:3)
  Dispater (Dis:7)
  Mennas (Depths:3)
  2 ancient liches
  A juggernaut (shapeshifter) (Depths:3)
  2 juggernauts
  Sojobo (Depths:3)
  Boris (Depths:3)
  5 royal mummies (Tomb:1)
  4 Killer Klowns
  14 shard shrikes
  Margery (Vaults:4)
  A curse toe (Zot:3)
  Vashnia (Snake:3)
  The ghost of Comu the Fencer, a veteran GnWn of Qazlal (Depths:3)
  6 pandemonium lords
  Xtahua (Depths:5)
  16 golden dragons
  18 bone dragons
  10 doom hounds
  35 Tzitzimimeh
  9 iron giants
  An electric golem (Zot:1)
  2 hellephants
  20 Brimstone Fiends
  9 tentacled monstrosities
  10 Ice Fiends
  4 Orb Guardians (Zot:5)
  13 Hell Sentinels
  24 liches
  29 acid blobs
  5 titans
  49 Executioners
  8 sphinxes
  7 death cobs
  Polyphemus (Shoals:3)
  A kraken (Shoals:4)
  Gastronok (D:8)
  4 tentacled starspawn
  A thorn hunter (Zig:7)
  Kirke (D:15)
  11 ancient champions
  12 shadow dragons
  Ilsuiw (Shoals:4)
  A fenstrider witch (Zig:9)
  13 azure jellies
  4 draconian monks
  5 tengu reavers
  7 storm dragons
  6 revenants
  15 nagarajas
  8 fire giants
  3 draconian knights (Zot:5)
  3 deep elf sorcerers
  10 vault wardens
  11 frost giants
  A ghost moth (Zot:5)
  Aizul (Snake:1)
  14 iron dragons
  An orc warlord (Zig:11)
  7 draconian scorchers
  4 imperial myrmidons (Desolation)
  22 balrugs
  9 warmongers (Pan)
  3 curse skulls
  35 cacodemons
  2 deep elf elementalists (Vaults:5)
  3 draconian shifters
  16 ghouls
  7 draconian stormcallers
  An angel (Depths:4)
  28 war gargoyles
  8 draconian annihilators
  A spriggan defender (Depths:3)
  3 elemental wellsprings (Coc:7)
  An ophan (Abyss:1)
  8 ironheart preservers
  19 stone giants
  7 blood saints
  30 very ugly things
  71 reapers
  A bunyip (Zig:7)
  9 green draconians
  An entropy weaver (Vaults:3)
  11 black draconians
  16 vampire knights
  11 corrupters
  5 deep elf annihilators
  A deep elf demonologist (Vaults:5)
  A halazid warlock (Desolation)
  7 red draconians
  5 yellow draconians
  15 lorocyprocas
  6 black suns (Pan)
  4 spark wasps
  A minotaur (Gauntlet)
  4 dire elephants (Abyss:5)
  9 eidola
  6 purple draconians
  A bunyip (shapeshifter) (Vaults:3)
  8 white draconians
  Azrael (D:15)
  13 green deaths
  10 ettins
  An eleionoma (Zig:7)
  22 blizzard demons
  2 merfolk javelineers
  7 deep elf death magi
  8 fire dragons
  8 death oozes
  9 mummy priests (Tomb:1)
  3 deep elf high priests
  18 yaktaur captains
  3 kraken zombies
  11 jiangshi
  5 crystal guardians
  5 quicksilver dragon zombies
  15 merfolk impalers
  10 ragged hierophants (Desolation)
  10 rakshasas
  28 naga warriors
  3 servants of whispers (Desolation)
  19 great orbs of eyes
  Erolcha (Orc:2)
  6 anacondas
  7 boulder beetles
  4 spriggan air magi
  24 vault guards
  20 ice dragons
  9 monstrous demonspawn (Pan)
  4 ghost crabs
  5 quicksilver dragon skeletons
  10 hydras
  A boulder beetle (shapeshifter) (Vaults:5)
  7 peacekeepers (Desolation)
  9 merfolk avatars
  27 ogre magi
  7 hell beasts
  A two-headed ogre (shapeshifter) (Abyss:4)
  A catoblepas (Shoals:3)
  2 satyrs (Shoals:4)
  7 merfolk aquamancers
  2 alligator snapping turtles (Shoals:4)
  4 deep troll shamans
  17 centaur warriors
  43 two-headed ogres
  9 death yaks
  4 death knights
  13 vampire magi
  6 titan zombies
  7 tengu warriors
  20 death scarabs
  45 hell hogs
  20 dancing weapons
  8 deep troll earth magi
  3 orc high priests
  3 shock serpents
  3 thrashing horrors
  23 naga sharpshooters
  8 spriggan berserkers
  7 iron golems
  Nergalle (Orc:2)
  62 soul eaters
  14 shadow wraiths
  7 deep elf knights
  65 sun demons
  9 titan skeletons
  5 storm dragon zombies
  50 hell knights
  3 salamander mystics (Snake:3)
  149 skeletal warriors
  8 wretched stars
  8 storm dragon skeletons
  3 spectral death yaks (Gauntlet)
  An iron giant zombie (Crypt:2)
  A goliath frog (Zig:9)
  A fire crab (Shoals:2)
  5 unseen horrors
  13 iron trolls
  9 sea snakes
  4 ghost moth zombies
  A glowing orange brain (shapeshifter) (Depths:2)
  102 large abominations
  2 spatial maelstroms (Abyss:5)
  36 sixfirhies
  12 anaconda zombies
  10 glowing orange brains
  20 shadow demons
  7 golden dragon zombies
  6 torturous demonspawn (Pan)
  A deep troll (shapeshifter) (Zig:10)
  9 bog bodies
  2 death drakes
  A spectral hydra (Gauntlet)
  4 orange crystal statues
  7 infernal demonspawn (Pan)
  32 deep trolls
  Pikel (D:4)
  2 iron dragon zombies
  7 wizards
  7 obsidian statues
  5 swamp dragons
  11 ironbrand convokers
  6 naga ritualists
  17 flayed ghosts
  8 deep elf archers
  3 tengu zombies
  A lindwurm (Lair:5)
  10 gelid demonspawn (Pan)
  A harpy (shapeshifter) (Vaults:4)
  3 golden dragon skeletons
  9 anaconda skeletons
  4 deep elf pyromancers
  26 harpies
  17 phantasmal warriors
  A goliath frog zombie (Crypt:2)
  16 necromancers
  16 orc knights
  8 shadow dragon zombies
  9 deep elf zephyrmancers
  9 orc sorcerers
  7 wolf spiders
  An oklob plant (Lair:6)
  58 ugly things
  8 shadow dragon skeletons
  2 orb spiders (shapeshifter)
  4 wolf spider zombies
  10 salamanders
  11 shining eyes
  2 worldbinders
  9 mana vipers
  10 stone giant zombies
  A will-o-the-wisp (Zig:9)
  10 cyclopes
  9 fire giant zombies
  7 frost giant zombies
  13 manticores
  13 fauns
  Maurice (D:9)
  30 rust devils
  15 moths of wrath
  10 merfolk sirens
  13 elephants
  6 iron dragon skeletons
  7 dire elephant zombies
  An apocalypse crab (Zig:5)
  8 stone giant skeletons
  12 ice statues
  3 frost giant skeletons
  7 eyes of devastation
  3 shock serpent zombies
  9 water nymphs
  12 guardian serpents
  7 fire giant skeletons
  16 vault sentinels
  An eleionoma skeleton (Crypt:2)
  31 smoke demons
  27 black mambas
  2 cane toads (shapeshifter)
  15 molten gargoyles
  3 dire elephant skeletons
  49 hellions
  12 naga magi
  28 orange demons (Pan)
  3 gargoyles
  2 shock serpent skeletons
  A kobold demonologist (D:14)
  26 cane toads
  11 demonic crawlers
  Psyche (D:8)
  9 komodo dragons
  A yaktaur (shapeshifter) (Vaults:1)
  5 torpor snails
  3 emperor scorpion zombies
  44 freezing wraiths
  3 catoblepas zombies
  47 ice devils
  5 rime drakes
  2 ancient zymes (Abyss:3)
  4 anaconda simulacra
  44 tormentors
  A tengu conjurer (Depths:5)
  41 yaktaurs
  6 efreet
  A catoblepas skeleton (Tar:7)
  A queen ant zombie (Crypt:1)
  13 trolls
  14 hydra zombies
  14 hellwings (Pan)
  A harpy zombie (Coc:1)
  5 silent spectres
  2 merfolk (shapeshifter) (Depths:3)
  13 guardian mummies
  A polar bear (shapeshifter) (Depths:4)
  3 wind drakes
  27 merfolk
  A meliai (D:12)
  53 red devils
  2 polar bears
  28 blink frogs
  A bloated husk (Zig:7)
  2 wolf spider simulacra
  2 harpy skeletons
  12 hornets
  6 tyrant leeches
  17 dream sheep
  6 fire dragon zombies
  2 iron dragon simulacra
  58 saltlings
  120 slime creatures
  9 ettin zombies
  5 ice dragon zombies
  A death drake skeleton (Crypt:1)
  10 hydra skeletons
  8 alligator zombies
  9 snapping turtles
  10 raiju
  A blink frog (shapeshifter) (Vaults:5)
  11 fire dragon skeletons
  Sigmund (D:4)
  2 redbacks (Vaults:3)
  A fire giant simulacrum (Coc:7)
  40 wraiths
  9 ettin skeletons
  177 flying skulls
  27 shadows
  6 spriggans
  44 ynoxinuls
  4 ushabtiu (Tomb:1)
  2 vampires
  46 yaks
  5 wyverns
  2 alligator skeletons
  2 black mamba zombies
  A redback (shapeshifter) (Vaults:1)
  24 fire elementals
  A tarantella (Vaults:3)
  A nameless horror (Dis:7)
  34 water elementals
  5 ice dragon skeletons
  2 humans (D:15)
  2 golden eyes
  A black mamba skeleton (Crypt:2)
  An elf skeleton (Depths:2)
  A hog (D:15)
  6 basilisks
  Grum (D:10)
  46 chaos spawn
  15 fire bats
  2 spatial vortices (Abyss:5)
  9 vampire mosquitoes
  2 merfolk zombies
  37 neqoxecs
  Menkaure (D:7)
  11 small abominations
  62 nagas
  4 acid dragons
  105 hell hounds
  4 human zombies
  8 wargs
  3 swamp worms (Lair:2)
  7 cane toad zombies
  A merfolk skeleton (Geh:7)
  19 water moccasins
  A monstrous demonspawn skeleton (Crypt:1)
  A floating eye (shapeshifter) (Zig:5)
  A floating eye (Pan)
  A two-headed ogre skeleton (Crypt:1)
  8 cane toad skeletons
  52 orc warriors
  3 sky beasts
  5 black bears
  3 alligator simulacra
  42 ice beasts
  A lindwurm zombie (Crypt:1)
  6 snapping turtle zombies
  A manticore zombie (Geh:7)
  13 wolves
  An ettin simulacrum (Vaults:3)
  9 eyes of draining
  2 swamp dragon zombies
  4 human skeletons
  53 necrophages
  5 manticore skeletons
  35 ogres
  2 orc skeletons
  27 centaurs
  5 snapping turtle skeletons
  4 swamp dragon skeletons
  13 phantoms
  3 kobold brigands
  34 bullfrogs
  2 elf zombies
  A bullfrog (shapeshifter) (D:15)
  A deep troll simulacrum (Vaults:3)
  A gnoll sergeant (D:11)
  A glowing shapeshifter simulacrum (Vaults:1)
  A wyvern zombie (D:6)
  A wyvern skeleton (D:13)
  2 cane toad simulacra
  A water moccasin skeleton (D:6)
  2 spriggan zombies
  5 scorpions
  A scorpion (shapeshifter) (Vaults:5)
  A raiju zombie (Crypt:2)
  A snapping turtle simulacrum (Coc:7)
  A killer bee (D:10)
  63 wights
  5 electric eels
  7 howler monkeys
  A troll skeleton (Tar:6)
  A crimson imp (Geh:1)
  2 bullfrog zombies
  4 quasits
  14 starcursed masses
  A basilisk zombie (Crypt:1)
  6 centaur zombies
  10 lava snakes
  49 iron imps
  4 jellies
  5 centaur skeletons
  17 orc priests
  A gnoll shaman (Zig:11)
  8 hounds
  3 bullfrog skeletons
  An iguana (D:7)
  41 orc wizards
  9 worker ants
  Ijyb (D:4)
  4 hell rats
  An ogre zombie (Crypt:3)
  A naga skeleton (Pan)
  A tengu skeleton (Tar:7)
  5 hound skeletons
  16 mummies
  A worker ant zombie (D:5)
  4 gnolls (D:11)
  A howler monkey skeleton (D:10)
  7 river rats (Sewer)
  27 adders
  15 shadow imps
  25 white imps
  5 ufetubi
  3 oozes
  2 adder zombies
  An iguana zombie (Crypt:1)
  3 adder skeletons
  A halfling skeleton (Crypt:2)
  5 worms
  2 dart slugs (D:2)
  9 leopard geckos
  106 orcs
  10 ball pythons
  9 giant cockroaches
  2 goblins
  6 hobgoblins
  10 jackals
  31 kobolds
  11 quokkas
  A ball python skeleton (Crypt:1)
  5 bats
  5 frilled lizards
  A frilled lizard zombie (Crypt:2)
  A kobold zombie (Crypt:3)
  An orc zombie (Geh:7)
  28 rats
  58 fulminant prisms
  A lurking horror (Abyss:3)
  4 starspawn tentacles
  6 tentacles
5398 creatures vanquished.

Vanquished Creatures (collateral kills)
  Cerebov (Pan)
  A dread lich (Vaults:5)
  Boris (Crypt:1)
  A pandemonium lord (Pan)
  A shard shrike (Coc:7)
  2 Killer Klowns (Zig:10)
  Saint Roka (Vaults:3)
  Geryon (Hell)
  A golden dragon (Depths:3)
  2 bone dragons
  A Brimstone Fiend (Pan)
  3 Tzitzimimeh
  4 iron giants
  2 Hell Sentinels (Dis:7)
  2 tentacled monstrosities
  A titan (Vaults:5)
  2 liches
  2 Orb Guardians (Zot:5)
  The ghost of Sionoi the Brawler, an adept TrBe of Trog (Depths:4)
  An acid blob (Slime:5)
  5 ancient champions
  A sphinx (Tomb:1)
  A death cob (Zot:1)
  An Executioner (Pan)
  5 shadow dragons
  A draconian monk (Zot:3)
  2 tengu reavers
  An azure jelly (Slime:2)
  A nagaraja (Snake:4)
  2 frost giants (Coc:7)
  A vault warden (Vaults:5)
  2 fire giants
  A corrupter (Pan)
  3 balrugs
  3 cacodemons (Pan)
  4 draconian knights
  2 iron dragons
  A ghoul (Crypt:2)
  2 warmongers (Pan)
  A draconian annihilator (Zot:5)
  2 very ugly things (Depths:5)
  2 draconian stormcallers
  A spriggan defender (Depths:5)
  A stone giant (Depths:4)
  6 reapers
  4 green draconians
  A deep elf annihilator (Vaults:5)
  A vampire knight (Depths:4)
  3 white draconians (Zot:1)
  4 lorocyprocas
  2 yellow draconians
  2 purple draconians (Zot:1)
  A blizzard demon (Pan)
  A deep elf death mage (Vaults:5)
  An ettin (Depths:1)
  A merfolk javelineer (Shoals:4)
  A yaktaur captain (Vaults:5)
  A merfolk impaler (Shoals:4)
  A fire dragon (Depths:5)
  An eleionoma (shapeshifter) (Zig:10)
  A quicksilver dragon zombie (Dis:7)
  2 mummy priests (Tomb:1)
  A death ooze (Slime:5)
  3 ice dragons
  2 rakshasas (Pan)
  5 ogre magi (Depths:4)
  2 vault guards (Vaults:5)
  A merfolk aquamancer (Shoals:4)
  2 naga warriors (Snake:4)
  6 monstrous demonspawn (Pan)
  A centaur warrior (Depths:4)
  An anaconda (shapeshifter) (Zig:10)
  12 two-headed ogres
  A deep troll earth mage (Depths:4)
  4 death scarabs (Tomb:1)
  A deep troll shaman (Depths:5)
  2 tengu warriors
  3 hell hogs (Geh:7)
  2 vampire magi (Crypt:2)
  4 sun demons
  A naga sharpshooter (Snake:1)
  Urug (D:10)
  6 hell knights
  12 soul eaters
  2 iron trolls (Depths:4)
  9 shadow wraiths
  16 skeletal warriors
  3 titan skeletons
  A sixfirhy (Pan)
  A storm dragon skeleton (Tar:7)
  5 deep trolls (Depths:5)
  A flayed ghost (Crypt:2)
  An infernal demonspawn (Pan)
  A shadow dragon zombie (Dis:7)
  A shadow demon (Tar:7)
  5 unseen horrors
  A swamp dragon (Zig:9)
  3 orc knights
  4 wizards
  An anaconda skeleton (Geh:5)
  A wolf spider zombie (Coc:4)
  2 phantasmal warriors
  3 necromancers
  A will-o-the-wisp (Zig:9)
  A salamander (Snake:3)
  2 frost giant zombies
  2 ugly things
  2 frost giant skeletons
  A fire giant zombie (Dis:7)
  A stone giant zombie (Dis:4)
  4 moths of wrath
  A stone giant skeleton (Geh:7)
  2 smoke demons (Pan)
  An eye of devastation (Zig:8)
  A naga mage (Snake:3)
  A molten gargoyle (Geh:7)
  8 orange demons (Pan)
  2 efreet (Pan)
  A tormentor (Zig:13)
  2 guardian mummies (Tomb:1)
  A freezing wraith (Coc:7)
  An emperor scorpion zombie (Geh:6)
  A tengu conjurer (Depths:4)
  5 ice devils (Coc:7)
  5 red devils
  2 hydra zombies
  3 hellwings (Pan)
  An ice dragon zombie (Coc:7)
  A wind drake (Shoals:4)
  7 slime creatures
  17 flying skulls
  3 wraiths
  An ice dragon skeleton (Coc:7)
  4 large abominations
  2 shadows
  A fire dragon skeleton (Geh:6)
  A fire bat (Geh:6)
  3 chaos spawn
  A neqoxec (Pan)
  A warg (D:15)
  9 nagas
  A hell hound (Dis:7)
  A merfolk skeleton (Coc:1)
  A swamp drake (Zig:9)
  4 orc warriors
  An ice beast (Coc:7)
  A necrophage (Tar:3)
  7 ogres
  A snapping turtle skeleton (Geh:6)
  4 wights (Coc:1)
  A quasit (Depths:4)
  2 iron imps (Dis:3)
  A mummy (Tomb:2)
  A shadow imp (Tar:7)
  2 white imps
  5 orcs
  A fulminant prism (Zig:11)
382 creatures vanquished.

Vanquished Creatures (others)
  8 eldritch tentacles (Pan)
  2 cacodemons
  A warmonger (Pan)
  A green death (Pan)
  A mummy priest (Tomb:1)
  A shambling mangrove (Zig:9)
  A yaktaur captain (Vaults:1)
  An alligator (Zig:9)
  11 dancing weapons
  A large abomination (Pan)
  A soul eater (Tar:3)
  A hell knight (Geh:3)
  A goliath frog (Zig:7)
  A shadow demon (Pan)
  An orange demon (Pan)
  An ettin skeleton (Tomb:2)
  A shadow (Geh:3)
  A wraith (Coc:4)
  A fire bat (Pan)
  A human (D:15)
  A hell hound (Tar:1)
  A cane toad skeleton (Geh:1)
  A necrophage (Tar:7)
  A troll zombie (Geh:7)
  A wight (Dis:2)
  A crimson imp (Hell)
  A kobold skeleton (Geh:7)
  8 ball lightnings (Pan)
  A bush (Lair:6)
  2 butterflies (Abyss:5)
  3 demonic plants (Pan)
  6 foxfires (Zig:9)
  1256 fulminant prisms
  36 fungi
  328 plants
  7 starspawn tentacles
  22 tentacles
  A withered plant (Gauntlet)
1715 creatures vanquished.

Grand Total: 7495 creatures vanquished

Notes
Turn   | Place    | Note
-------+----------+-------------------------------------------
     0 | D:1      | CryoSword the Demigod Conjurer began the quest for the Orb.
     0 | D:1      | Reached XP level 1. HP: 14/14 MP: 5/5
   449 | D:1      | Reached XP level 2. HP: 20/20 MP: 2/7
   972 | D:1      | Learned a level 2 spell: Searing Ray
  1233 | D:2      | Found a broken altar of Ashenzari.
  1759 | D:2      | Reached XP level 3. HP: 26/26 MP: 6/8
  1873 | D:2      | Found a shimmering altar of Xom.
  2349 | D:3      | Reached skill level 5 in Conjurations
  2349 | D:3      | Reached XP level 4. HP: 33/33 MP: 2/9
  2431 | D:3      | Learned a level 3 spell: Dazzling Flash
  2637 | D:3      | Found an ornate altar of the Wu Jian Council.
  3381 | D:4      | Noticed Sigmund
  3386 | D:4      | Killed Sigmund
  3387 | D:4      | Reached XP level 5. HP: 35/38 MP: 4/11
  3464 | D:4      | Noticed Pikel
  3500 | D:4      | Killed Pikel
  3501 | D:4      | Reached XP level 6. HP: 25/45 MP: 2/14
  3501 | D:4      | Reached XP level 7. HP: 28/50 MP: 2/16
  3710 | D:4      | Got a masterwork mace
  3725 | D:4      | Identified the +7 mace "Gudghuink" {vorpal, +Rage rPois
                  | Stlth+} (You found it on level 4 of the Dungeon)
  3746 | D:4      | Noticed Ijyb
  3751 | D:4      | Killed Ijyb
  4266 | D:5      | Entered Level 5 of the Dungeon
  4297 | D:5      | Found a shadowy altar of Dithmenos.
  4548 | D:5      | Found a bloodstained altar of Trog.
  4822 | D:5      | Found a glowing drain.
  4840 | Sewer    | Entered a sewer
  5544 | Sewer    | Reached XP level 8. HP: 49/57 MP: 9/17
  6192 | D:6      | Learned a level 4 spell: Fulminant Prism
  6197 | D:6      | Learned a level 4 spell: Iskenderun's Mystic Blast
  6616 | D:6      | Reached skill level 1 in Hexes
  6620 | D:6      | Reached skill level 10 in Conjurations
  6620 | D:6      | Reached skill level 1 in Translocations
  6639 | D:6      | Reached XP level 9. HP: 42/62 MP: 0/19
  6795 | D:6      | Learned a level 3 spell: Tukima's Dance
  6809 | D:6      | Found a glowing golden altar of the Shining One.
  6956 | D:6      | Found a staircase to the Ecumenical Temple.
  7889 | D:6      | Reached skill level 1 in Shields
  9026 | D:7      | Noticed Menkaure
  9218 | D:7      | Killed Menkaure
  9481 | D:7      | Noticed a manticore
  9490 | D:7      | Killed a manticore
 10518 | D:8      | Reached XP level 10. HP: 69/69 MP: 3/20
 10520 | D:8      | Noticed a two-headed ogre
 10857 | D:8      | Noticed Psyche
 10863 | D:8      | Killed a two-headed ogre
 10869 | D:8      | Killed Psyche
 10870 | D:8      | Reached skill level 5 in Spellcasting
 10870 | D:8      | Reached skill level 5 in Hexes
 11620 | D:9      | Noticed a two-headed ogre
 11627 | D:9      | Killed a two-headed ogre
 12165 | D:9      | Noticed a two-headed ogre
 12175 | D:9      | Found a transporter.
 12180 | D:9      | Found a staircase to the Lair.
 12198 | D:9      | Noticed Gastronok
 12224 | D:9      | Noticed Maurice
 12842 | D:8      | Killed Gastronok
 13243 | D:9      | Killed Maurice
 13244 | D:9      | Reached skill level 5 in Stealth
 13244 | D:9      | Reached XP level 11. HP: 41/74 MP: 8/23
 13412 | D:9      | Killed a two-headed ogre
 13667 | D:9      | Noticed a two-headed ogre
 13676 | D:9      | Killed a two-headed ogre
 13938 | D:9      | Found a transporter.
 13940 | D:9      | Found a viscous altar of Jiyva.
 14397 | D:10     | Entered Level 10 of the Dungeon
 14435 | D:10     | Noticed Grum
 14441 | D:10     | Reached skill level 1 in Fighting
 14451 | D:10     | Killed Grum
 14638 | D:10     | Noticed a centaur warrior
 14774 | D:10     | Noticed an orc knight
 14921 | D:9      | Killed a centaur warrior
 15365 | D:10     | Killed an orc knight
 15550 | D:10     | Noticed a two-headed ogre
 15554 | D:10     | Killed a two-headed ogre
 15683 | D:10     | Identified the +1 buckler "Nawnesm" {rC+ rCorr Int+6
                  | Slay-4}
 15734 | D:10     | Learned a level 3 spell: Confusing Touch
 16692 | D:10     | Noticed Urug
 16705 | D:10     | Killed Urug
 16949 | D:10     | Identified the ring of Hubab {rElec Will++ rCorr Str+6}
 16949 | D:10     | Noticed a fire giant
 17216 | D:9      | Got a brightly glowing wooden ring
 17372 | D:9      | Identified the ring "Maw Sutt" {Str+6 Dex+2 Slay+2} (You
                  | found it on level 9 of the Dungeon)
 17460 | D:10     | Killed a fire giant
 17461 | D:10     | Reached XP level 12. HP: 62/91 MP: 5/26
 17714 | D:11     | Reached skill level 1 in Armour
 18572 | D:11     | Noticed a six-headed hydra
 18584 | D:11     | Killed a six-headed hydra
 20097 | D:12     | Found a gate leading to a gauntlet.
 20115 | Gauntlet | Entered a Gauntlet
 20115 | Gauntlet | Found a transporter.
 20115 | Gauntlet | Found a transporter.
 20121 | Gauntlet | Found a transporter.
 20133 | Gauntlet | Found a transporter.
 20151 | Gauntlet | Found a transporter.
 20151 | Gauntlet | Found a transporter.
 20153 | Gauntlet | Found a transporter.
 20153 | Gauntlet | Found a transporter.
 20155 | Gauntlet | Found a transporter.
 20166 | Gauntlet | Found a runed translucent door.
 20167 | Gauntlet | Noticed a ghost crab
 20169 | Gauntlet | Found a transporter.
 20185 | Gauntlet | Found a transporter.
 20192 | Gauntlet | Found a transporter.
 20195 | Gauntlet | Found the +3 pair of gauntlets of War {Slay+5}
 20195 | Gauntlet | Noticed a catoblepas
 20210 | Gauntlet | Found a transporter.
 20231 | Gauntlet | Found a transporter.
 20233 | Gauntlet | Noticed a death ooze
 20771 | Gauntlet | Identified the +5 flail "Jomo" {holy, rF+ Str+5}
 20771 | Gauntlet | Identified the ring of Gemn {Will+ MP+9 Str+6 Dex+4}
 20771 | Gauntlet | Noticed a minotaur
 20779 | Gauntlet | Killed a minotaur
 20923 | D:12     | You fall into a shaft and drop 3 floors!
 20923 | D:15     | Entered Level 15 of the Dungeon
 20924 | D:15     | Noticed a rakshasa
 21237 | D:14     | Noticed a five-headed hydra
 21243 | D:14     | Reached XP level 13. HP: 99/99 MP: 28/28
 21249 | D:14     | Reached skill level 5 in Fighting
 21249 | D:14     | Reached skill level 5 in Dodging
 21993 | D:12     | Learned a level 2 spell: Blink
 22523 | D:12     | Found a staircase to the Orcish Mines.
 22637 | D:13     | Found Pisohapp's Jewellery Emporium.
 22743 | D:13     | Reached skill level 1 in Staves
 22904 | D:13     | Reached skill level 1 in Evocations
 23117 | D:13     | Found a gate to the Vaults.
 23900 | Lair:1   | Entered Level 1 of the Lair of Beasts
 24339 | Lair:1   | Upgraded the game from 0.27-a0-379-g34d631faf5 to
                  | 0.27-a0-385-g3208abaabc
 25478 | Lair:2   | Found a staircase to the Shoals.
 25836 | Lair:2   | Learned a level 3 spell: Summon Guardian Golem
 27512 | Lair:4   | Reached skill level 5 in Staves
 27789 | Lair:4   | Got a heavily runed helmet
 27790 | Lair:4   | Identified the +0 helmet "Gomm" {Int+5 Stlth+} (You found
                  | it on level 4 of the Lair of Beasts)
 27942 | Lair:4   | Reached XP level 14. HP: 111/111 MP: 30/30
 28799 | Lair:4   | Found a staircase to the Snake Pit.
 29356 | Lair:5   | Found a staircase to the Slime Pits.
 29821 | Lair:5   | You fall into a shaft and drop 1 floor!
 29821 | Lair:6   | Entered Level 6 of the Lair of Beasts
 29824 | Lair:6   | Found a frozen archway.
 29860 | IceCv    | Entered an ice cave
 30801 | Lair:6   | Reached skill level 15 in Conjurations
 32605 | Lair:6   | Reached XP level 15. HP: 123/123 MP: 31/31
 33365 | Lair:6   | Reached skill level 5 in Translocations
 34010 | Orc:1    | Entered Level 1 of the Orcish Mines
 34109 | Orc:2    | Entered Level 2 of the Orcish Mines
 34293 | Orc:2    | Found Horchoegy's Antique Armour Emporium.
 34295 | Orc:2    | Found a staircase to the Elven Halls.
 34853 | Orc:1    | Reached skill level 10 in Staves
 35689 | Orc:2    | Found Jount's Jewellery Shop.
 35897 | Orc:2    | Noticed Nergalle
 35903 | Orc:2    | Killed Nergalle
 35957 | Orc:2    | Found an ancient bone altar of Kikubaaqudgha.
 35962 | Orc:2    | Found Guukeuno's Antique Armour Boutique.
 35971 | Orc:2    | Noticed Erolcha
 35977 | Orc:2    | Killed Erolcha
 36033 | Orc:2    | Found a roughly hewn altar of Beogh.
 36033 | Orc:2    | Found Olleorhe's Magic Scroll Boutique.
 36034 | Orc:2    | Found Ukunar's Magic Scroll Shop.
 36040 | Orc:2    | Paralysed by something for 7 turns
 36082 | Orc:2    | Bought a scroll of identify for 36 gold pieces
 36082 | Orc:2    | Bought a scroll of identify for 36 gold pieces
 36082 | Orc:2    | Bought a scroll of identify for 36 gold pieces
 36082 | Orc:2    | Bought a scroll of teleportation for 54 gold pieces
 36082 | Orc:2    | Bought a scroll of fog for 36 gold pieces
 36092 | Orc:2    | Found a radiant altar of Vehumet.
 36128 | Orc:2    | Bought a scroll of teleportation for 42 gold pieces
 36128 | Orc:2    | Bought a scroll of teleportation for 42 gold pieces
 36128 | Orc:2    | Bought a scroll of identify for 28 gold pieces
 36128 | Orc:2    | Bought a scroll of teleportation for 42 gold pieces
 36128 | Orc:2    | Bought a scroll of teleportation for 42 gold pieces
 36128 | Orc:2    | Bought a scroll of teleportation for 42 gold pieces
 36128 | Orc:2    | Bought a scroll of silence for 105 gold pieces
 36128 | Orc:2    | Bought 2 scrolls of teleportation for 84 gold pieces
 36334 | Orc:2    | Bought a bloodstained ring mail for 252 gold pieces
 36334 | Orc:2    | Bought a jewelled leather armour for 196 gold pieces
 36334 | Orc:2    | Identified the +5 ring mail "Ettuad" {rF+} (You bought it
                  | in a shop on level 2 of the Orcish Mines)
 36335 | Orc:2    | Identified the +1 leather armour of Lilacs {*Contam rN+++
                  | rCorr Stlth-} (You bought it in a shop on level 2 of the
                  | Orcish Mines)
 36419 | Orc:2    | Bought an embroidered scarf for 320 gold pieces
 36419 | Orc:2    | Bought a runed helmet for 300 gold pieces
 36485 | Orc:2    | Bought an amulet of magic regeneration for 420 gold pieces
 36516 | Orc:2    | Bought a scroll of acquirement for 936 gold pieces
 36526 | Orc:2    | Acquired a book of Annihilations
 36945 | D:14     | Found a portal to a secret trove of treasure.
 37133 | D:15     | Reached skill level 10 in Fighting
 37133 | D:15     | Reached skill level 1 in Earth Magic
 37256 | D:15     | Noticed Azrael
 37268 | D:15     | Killed Azrael
 37288 | D:15     | Noticed Kirke
 37299 | D:15     | Noticed a sphinx
 37304 | D:15     | Killed Kirke
 37946 | D:15     | Found a staircase to the Depths.
 38235 | Shoals:1 | Entered Level 1 of the Shoals
 38969 | Shoals:1 | Reached XP level 16. HP: 136/136 MP: 22/32
 41468 | Shoals:3 | Noticed Polyphemus
 41742 | Shoals:3 | Found a shimmering altar of Xom.
 42182 | Shoals:3 | Killed Polyphemus
 42596 | Shoals:3 | Found a shimmering altar of Xom.
 42735 | Shoals:4 | Entered Level 4 of the Shoals
 43026 | Shoals:4 | Noticed a kraken
 43422 | Shoals:4 | Noticed Ilsuiw
 43691 | Shoals:4 | Reached XP level 17. HP: 118/149 MP: 7/34
 44046 | Shoals:4 | Identified the +1 ring mail of the Depths {Dex+4 Stlth+}
 44171 | Shoals:4 | Got a barnacled rune of Zot
 44703 | Shoals:4 | Killed Ilsuiw
 45072 | Shoals:4 | Found Husiz's Jewellery Emporium.
 45503 | Snake:1  | Entered Level 1 of the Snake Pit
 45503 | Snake:1  | Noticed Aizul
 45528 | Snake:1  | Killed Aizul
 46705 | Snake:2  | Reached skill level 5 in Armour
 46950 | Snake:1  | Learned a level 1 spell: Apportation
 46962 | Snake:1  | Learned a level 4 spell: Cause Fear
 46965 | Snake:1  | Learned a level 2 spell: Swiftness
 47530 | Snake:2  | Reached skill level 5 in Shields
 49325 | Snake:3  | Noticed Vashnia
 50604 | Snake:3  | Found a snail-covered altar of Cheibriados.
 50649 | Snake:3  | Killed Vashnia
 50942 | Snake:3  | Got a faintly glowing granite ring
 51142 | Snake:4  | Entered Level 4 of the Snake Pit
 51526 | Snake:4  | Reached XP level 18. HP: 159/159 MP: 34/36
 52837 | Snake:4  | Identified the +6 longbow of Contention {vorpal, rC+ Str+3}
 53502 | Snake:4  | Reached skill level 10 in Hexes
 53608 | Snake:4  | Identified the ring "Mypat" {+Blink rF+ rN+++ Will+ Int-2}
                  | (You found it on level 3 of the Snake Pit)
 54975 | Snake:4  | Got a serpentine rune of Zot
 55661 | Vaults:1 | Entered Level 1 of the Vaults
 55878 | Vaults:1 | Found a ruined gateway.
 55891 | Desolati | Entered the Desolation of Salt
 56647 | Desolati | Reached XP level 19. HP: 118/159 MP: 29/37
 57448 | Desolati | Got a transparent copper ring
 57583 | Desolati | Got a vibrating brass ring
 57727 | Desolati | Identified the Grimoire of the Blessed Realm
 57825 | Desolati | Got a twisted whip
 57872 | Desolati | Reached skill level 5 in Evocations
 58039 | Vaults:1 | Identified the +4 whip of Wonderful Purpose {vamp, Fragile
                  | Will+ Str+3 Int+2} (You found it in the Desolation of Salt)
 58040 | Vaults:1 | Identified the ring "Aquwnup" {Fire rPois rN+} (You found
                  | it in the Desolation of Salt)
 58041 | Vaults:1 | Identified the ring of Ciolapt {rElec rN+ Str+4 Dex+2} (You
                  | found it in the Desolation of Salt)
 58552 | Vaults:1 | Reached skill level 10 in Spellcasting
 59888 | Vaults:2 | Learned a level 3 spell: Stone Arrow
 59911 | Vaults:2 | Reached skill level 10 in Dodging
 62006 | Vaults:3 | Noticed Saint Roka
 62097 | Vaults:3 | Killed Saint Roka
 62484 | Vaults:3 | Found a staircase to the Crypt.
 62509 | Vaults:3 | Reached skill level 5 in Earth Magic
 62634 | Vaults:3 | Reached XP level 20. HP: 176/176 MP: 36/40
 64619 | Vaults:4 | Reached skill level 15 in Fighting
 65336 | Vaults:4 | Noticed Margery
 65873 | Vaults:4 | Killed Margery
 66361 | Vaults:4 | Learned a level 8 spell: Lehudib's Crystal Spear
 66688 | Depths:1 | Entered Level 1 of the Depths
 66737 | Depths:1 | Identified the +7 quarterstaff "Namitett" {speed, Fragile
                  | Dex+9}
 66943 | Depths:1 | Reached skill level 10 in Stealth
 67160 | Depths:1 | Reached XP level 21. HP: 139/185 MP: 25/41
 67437 | Depths:1 | Found the +12 Vampire's Tooth {vamp}
 67619 | Depths:1 | Reached skill level 10 in Earth Magic
 67790 | Depths:1 | Found Pironk's Distillery.
 67793 | Depths:1 | Found a gateway to Hell.
 67817 | Depths:1 | Bought a potion of curing for 39 gold pieces
 67817 | Depths:1 | Bought a potion of brilliance for 52 gold pieces
 67817 | Depths:1 | Bought a potion of curing for 39 gold pieces
 67817 | Depths:1 | Bought a potion of resistance for 130 gold pieces
 67817 | Depths:1 | Bought a potion of heal wounds for 65 gold pieces
 67817 | Depths:1 | Bought a potion of magic for 104 gold pieces
 67817 | Depths:1 | Bought 2 potions of brilliance for 104 gold pieces
 68492 | Depths:2 | Found Bot Nod's Book Shoppe.
 68512 | Depths:2 | Bought a book of Summonings for 1190 gold pieces
 68518 | Depths:2 | Learned a level 5 spell: Summon Mana Viper
 68542 | Depths:2 | Reached skill level 1 in Summonings
 68738 | Depths:2 | Acquired the +7 lajatang of Order {silver, rMut}
 68739 | Depths:2 | Found the +7 lajatang of Order {silver, rMut}
 68784 | Depths:2 | Learned a level 6 spell: Iron Shot
 70878 | Depths:3 | Found Dacuohyc's Demolitions Depot.
 70940 | Depths:3 | Noticed Comu's ghost (veteran GnWn)
 70941 | Depths:3 | Found the amulet of Vitality {Regen+ HP+15}
 70944 | Depths:3 | Noticed a golden dragon
 70950 | Depths:3 | Found a runed translucent gate.
 70950 | Depths:3 | Found a runed translucent gate.
 70952 | Depths:3 | Found a runed translucent gate.
 70953 | Depths:3 | Noticed a golden dragon
 70978 | Depths:3 | Found Ceahoypu's Book Shop.
 71062 | Depths:3 | Found Ercher's Antique Weapon Boutique.
 71459 | Depths:3 | Noticed Boris
 71467 | Depths:3 | Killed Boris
 71614 | Depths:3 | Found Suis's Armour Shop.
 71685 | Depths:3 | Noticed Sojobo
 71698 | Depths:3 | Killed Sojobo
 71888 | Depths:3 | Identified the +2 robe of Feasting {rF++ Dex+2}
 71928 | Depths:3 | Found a one-way gate leading to the halls of Pandemonium.
 72203 | Depths:3 | Noticed a juggernaut
 72326 | Depths:3 | Noticed a golden dragon
 72333 | Depths:3 | Killed a golden dragon
 72334 | Depths:3 | Reached XP level 22. HP: 195/195 MP: 26/42
 72440 | Depths:3 | Killed a juggernaut
 72497 | Depths:3 | Identified the +3 robe "Kohirum" {*Drain +Blink rC+}
 72759 | Depths:3 | Noticed Mennas
 72977 | Depths:3 | Killed Mennas
 72978 | Depths:3 | Reached skill level 10 in Shields
 72978 | Depths:3 | Reached skill level 5 in Summonings
 73282 | Depths:3 | Identified the Collected Works on Stones
 73294 | Depths:3 | Learned a level 7 spell: Spellforged Servitor
 74015 | Depths:3 | Noticed a juggernaut
 74015 | Depths:3 | an alligator snapping turtle changed into a juggernaut
 74020 | Depths:4 | Found Paapp's Hallowed Reliquary.
 74020 | Depths:4 | Found a glowing silver altar of Zin.
 74148 | Depths:4 | Bought a scroll of holy word for 120 gold pieces
 74148 | Depths:4 | Bought a scroll of holy word for 120 gold pieces
 74148 | Depths:4 | Bought a potion of heal wounds for 80 gold pieces
 74148 | Depths:4 | Bought a potion of heal wounds for 80 gold pieces
 74148 | Depths:4 | Bought a potion of heal wounds for 80 gold pieces
 74148 | Depths:4 | Bought a scroll of holy word for 120 gold pieces
 74148 | Depths:4 | Bought a scroll of holy word for 120 gold pieces
 74148 | Depths:4 | Bought a scroll of holy word for 120 gold pieces
 74148 | Depths:4 | Bought a scroll of holy word for 120 gold pieces
 74440 | Depths:4 | Found a gateway to a ziggurat.
 74574 | Depths:4 | Found a one-way gate to the infinite horrors of the Abyss.
 75010 | Depths:4 | Found Vadyt's Jewellery Boutique.
 75011 | Depths:4 | Found Zez Ugaa's Book Emporium.
 75012 | Depths:4 | Found Dinuodit's Jewellery Boutique.
 75395 | Depths:4 | Identified Affumpux's Papyrus of Lethal Transmigration
 75421 | Depths:4 | Found a shimmering blue altar of Sif Muna.
 75499 | Depths:4 | Identified Xuebagg's Handbook of Supportive Beguiling
 75522 | Depths:4 | Identified the Incunabulum of Burning Clay
 75524 | Depths:4 | Identified the Handbook of Mastery
 75723 | Depths:4 | Identified Tippub's Disquisition on Vitriolic Flames
 75824 | Depths:4 | Found a large runed translucent door.
 75824 | Depths:4 | Found a large runed translucent door.
 75824 | Depths:4 | Noticed Sionoi's ghost (adept TrBe)
 75998 | Depths:4 | Killed Sionoi's ghost
 76101 | Depths:5 | Entered Level 5 of the Depths
 77022 | Depths:5 | Noticed Xtahua
 77029 | Depths:5 | Killed Xtahua
 77686 | Depths:5 | Reached XP level 23. HP: 204/204 MP: 36/44
 78077 | Depths:5 | Found a gate to the Realm of Zot.
 78661 | Snake:2  | Got a slimy plate armour
 78662 | Snake:2  | Identified the +9 plate armour "Cias" {Str+3} (You found it
                  | on level 2 of the Snake Pit)
 79143 | Vaults:5 | Entered Level 5 of the Vaults
 79146 | Vaults:5 | Noticed an ancient lich
 79705 | Vaults:5 | Identified the +10 dagger "Goblinbane" {elec, rElec rF++
                  | MP+9 Dex+2}
 80145 | Vaults:5 | Killed an ancient lich
 81273 | Vaults:5 | Identified the ring of Spontaneous Combustion {rN++ AC+4
                  | Str-3}
 81447 | Vaults:5 | Identified the +8 war axe "Nuzichi" {protect, *Rage +Rage
                  | rElec Str+3 Stlth+}
 81447 | Vaults:5 | Identified the ring of Cenidghism {rF+ rCorr}
 81733 | Vaults:5 | Identified the +4 dagger of Anxiety {holy, Str+7}
 82317 | Vaults:5 | Noticed a dread lich
 82330 | Vaults:5 | Killed a dread lich
 82603 | Vaults:5 | Acquired 349 gold pieces
 82820 | Vaults:5 | Reached XP level 24. HP: 171/214 MP: 6/45
 83920 | Vaults:5 | Identified the +8 glaive of the Hungering Genius {elec,
                  | Fragile rPois rF+ rN+}
 84041 | Vaults:5 | Got a silver rune of Zot
 84283 | Crypt:1  | Entered Level 1 of the Crypt
 84360 | Crypt:1  | Noticed Boris
 84369 | Crypt:1  | Killed Boris
 84664 | Crypt:1  | Reached skill level 1 in Air Magic
 85932 | Crypt:2  | Reached skill level 10 in Armour
 86188 | Crypt:2  | Learned a level 2 spell: Sublimation of Blood
 86401 | Crypt:2  | Reached skill level 1 in Necromancy
 86793 | Crypt:2  | Found a transporter.
 86801 | Crypt:2  | Reached skill level 10 in Summonings
 86913 | Crypt:2  | Found a transporter.
 87430 | Crypt:2  | Noticed an ancient lich
 87762 | Crypt:2  | Killed an ancient lich
 87978 | Crypt:2  | Got a scorched amber ring
 87987 | Crypt:2  | Got a wavering iron ring
 87994 | Crypt:2  | Identified the ring "Ylecroew" {rPois rF- rN+ Will+ Str+4}
                  | (You found it on level 2 of the Crypt)
 87995 | Crypt:2  | Identified the ring "Riob" {Ice *Slow Str+9 Int+2 Slay+3}
                  | (You found it on level 2 of the Crypt)
 88028 | Crypt:3  | Entered Level 3 of the Crypt
 88731 | Crypt:3  | Noticed a dread lich
 88733 | Crypt:3  | Killed a dread lich
 88753 | Crypt:3  | Found an ancient bone altar of Kikubaaqudgha.
 88761 | Crypt:3  | Found the +4 dagger "Morg" {pain, Will+ Int+5}
 88761 | Crypt:3  | Identified the +8 scimitar "Pendulum" {venom, rPois rF-
                  | rN++ Dex+4}
 88761 | Crypt:3  | Identified the ring "Retih" {+Fly rElec Will- EV+4}
 89130 | Crypt:3  | Reached skill level 5 in Necromancy
 89228 | Crypt:3  | Reached XP level 25. HP: 223/223 MP: 39/47
 89508 | Crypt:3  | Found a staircase to the Tomb.
 89946 | D:14     | You paid a toll of 12 potions of heal wounds to enter a
                  | treasure trove
 89947 | Trove    | Entered a treasure trove
 89961 | Trove    | Got a flickering ivory amulet
 89963 | Trove    | Got a scorched ivory amulet
 89966 | Trove    | Got a steaming granite ring
 89968 | Trove    | Got a shimmering bone amulet
 89973 | Trove    | Got a sparkling copper ring
 90010 | D:14     | Identified the amulet of Issad {Reflect *Drain rN+ Dex+6
                  | SH+5} (You found it in a treasure trove)
 90011 | D:14     | Identified the amulet "Doipp" {Reflect rF- rC+ Dex+3 SH+5}
                  | (You found it in a treasure trove)
 90012 | D:14     | Identified the amulet "Diaq" {Reflect rElec rC+ MP-9 SH+5}
                  | (You found it in a treasure trove)
 90045 | D:14     | Identified the ring "Zycyin" {rElec Will+ rCorr Str+3
                  | Int-5} (You found it in a treasure trove)
 90046 | D:14     | Identified the ring of Diosamoh {Int+6 Dex+4} (You found it
                  | in a treasure trove)
 90284 | Slime:1  | Entered Level 1 of the Pits of Slime
 90471 | Slime:1  | Learned a level 7 spell: Orb of Destruction
 91245 | Slime:5  | Entered Level 5 of the Pits of Slime
 91349 | Slime:5  | Noticed the Royal Jelly
 92771 | Slime:5  | Killed the Royal Jelly
 93398 | Slime:5  | Found the +2 Maxwell's thermic engine {flame, freeze}
 93454 | Slime:5  | Got a slimy rune of Zot
 93455 | Slime:5  | Identified Jijeac's Reference Book on Burning Enchantment
 93477 | Slime:5  | Got a bound emerald amulet
 93486 | Slime:5  | Got a slimy lapis lazuli ring
 93498 | Slime:5  | Identified the amulet of Raebb {Reflect *Drain rC++ Str+3
                  | SH+5} (You found it on level 5 of the Pits of Slime)
 93499 | Slime:5  | Identified the ring "Wianem" {rF+ Will+ Int-5 Dex+4 Stlth+}
                  | (You found it on level 5 of the Pits of Slime)
 93577 | Slime:5  | Got a smouldering dagger
 93578 | Slime:5  | Identified the +8 dagger "Vyutear" {venom, *Rage Int+7
                  | SInv} (You found it on level 5 of the Pits of Slime)
 93588 | Slime:5  | Got a wavering sapphire amulet
 93589 | Slime:5  | Identified the amulet "Dinla" {RegenMP Will+} (You found it
                  | on level 5 of the Pits of Slime)
 93800 | D:10     | Got a shimmering rapier
 93801 | D:10     | Identified the +7 rapier "Giguscha" {vorpal, Str+3 Int+4}
                  | (You found it on level 10 of the Dungeon)
 94093 | Depths:3 | a juggernaut changed into a shard shrike
 94135 | Depths:3 | Noticed a juggernaut
 94135 | Depths:3 | a titan changed into a juggernaut
 94292 | Depths:3 | Identified the +1 glaive of Distant Shores {venom, rPois
                  | Str-3 Dex+7 Stlth+} (You found it on level 3 of the Depths)
 94343 | Depths:3 | Killed a juggernaut
 94561 | Depths:3 | Killed Comu's ghost
 94919 | Depths:4 | Voluntarily entered the Abyss.
 95849 | Abyss:4  | Gained mutation: Your spells are a little easier to cast,
                  | but a little less powerful. [a shining eye]
 95896 | Abyss:5  | Entered Level 5 of the Abyss
 95959 | Abyss:5  | Paralysed by accursed screaming for 1 turns
 95963 | Abyss:5  | Paralysed by accursed screaming for 1 turns
 96225 | Abyss:5  | Found a corrupted altar of Lugonu.
 96229 | Abyss:5  | Reached XP level 26. HP: 187/234 MP: 38/47
 96238 | Abyss:5  | Got an abyssal rune of Zot
 96279 | Abyss:5  | Got a pair of warped boots
 96353 | Depths:4 | Escaped the Abyss
 96403 | Depths:4 | Identified the +1 pair of boots of Indomitability {rCorr}
                  | (You found it on level 5 of the Abyss)
 96476 | Zot:1    | Entered Level 1 of the Realm of Zot
 98516 | Zot:2    | Identified the +0 pair of boots of Qynemyel {*Slow rN+
                  | rCorr Dex+2} (You found it on level 2 of the Realm of Zot)
 98997 | Zot:3    | Reached skill level 10 in Necromancy
100622 | Zot:4    | Reached skill level 15 in Armour
100852 | Zot:5    | Entered Level 5 of the Realm of Zot
102162 | Zot:5    | Reached XP level 27. HP: 243/243 MP: 41/47
102331 | Hell     | Entered the Vestibule of Hell
102331 | Hell     | Noticed Geryon
102336 | Hell     | Killed Geryon
102341 | Hell     | Reached skill level 1 in Transmutations
103014 | Hell     | Found a gateway to the ashen valley of Gehenna.
103223 | Hell     | Found a gateway to the Iron City of Dis.
103705 | Hell     | Found a gateway to the decaying netherworld of Tartarus.
103859 | Hell     | Found a gateway to the freezing wastes of Cocytus.
103953 | Geh:1    | Entered Level 1 of Gehenna
105032 | Geh:3    | Reached skill level 5 in Transmutations
106021 | Geh:7    | Entered Level 7 of Gehenna
107023 | Geh:7    | Found the +6 arbalest "Damnation" {damnation}
107295 | Geh:7    | Identified the Compendium of Toxic Bewitchment
107443 | Geh:7    | Found the +7 sceptre of Asmodeus
107443 | Geh:7    | Noticed Asmodeus
107598 | Geh:7    | Identified the +10 morningstar "Palunal" {pain, rElec}
107855 | Geh:7    | Killed Asmodeus
108016 | Geh:7    | Identified Sif Muna's Disquisition on Creative Stolen Souls
108038 | Geh:7    | Identified the Compendium of the Last Ultimatums
108071 | Geh:7    | Got an obsidian rune of Zot
108327 | Dis:1    | Entered Level 1 of the Iron City of Dis
109095 | Dis:4    | Reached skill level 10 in Transmutations
109906 | Dis:7    | Entered Level 7 of the Iron City of Dis
111446 | Dis:7    | Reached skill level 15 in Necromancy
112752 | Dis:7    | Identified the +3 morningstar of Invincibility {vorpal,
                  | rPois Will+ Str+3}
112752 | Dis:7    | Identified the +1 plate armour of Nyirea {*Drain rCorr
                  | Str+4}
113152 | Dis:7    | Found the +4 staff of Dispater
113152 | Dis:7    | Noticed Dispater
113365 | Dis:7    | Killed Dispater
113425 | Dis:7    | Got an iron rune of Zot
113742 | Tar:1    | Entered Level 1 of Tartarus
114548 | Tar:4    | Learned a level 8 spell: Necromutation
114933 | Tar:7    | Entered Level 7 of Tartarus
116551 | Tar:7    | Reached skill level 15 in Transmutations
116651 | Tar:7    | Identified the Grimoire of Mutagenic Evil
116713 | Tar:7    | Identified the +8 hand axe of Eplaetoa {flame, Int+3} (You
                  | found it on level 7 of Tartarus)
116719 | Tar:7    | Identified the +4 ring mail "Onydogar" {Int+5} (You found
                  | it on level 7 of Tartarus)
116729 | Tar:7    | Identified the +1 war axe of Fragile Peace {venom, rC++
                  | Stlth+} (You found it on level 7 of Tartarus)
116848 | Tar:7    | Identified the +1 ring mail "Ydiowahol" {-Cast rPois Dex+8
                  | Slay+3} (You found it on level 7 of Tartarus)
118495 | Tar:7    | Noticed Ereshkigal
118519 | Tar:7    | Killed Ereshkigal
118679 | Tar:7    | Got a bone rune of Zot
118846 | Coc:1    | Entered Level 1 of Cocytus
118863 | Coc:1    | Learned a level 4 spell: Passage of Golubria
119778 | Coc:7    | Entered Level 7 of Cocytus
120599 | Coc:7    | Identified the +7 broad axe "Leviticus" {vamp, *Rage +Rage
                  | rPois Int-2} (You found it on level 7 of Cocytus)
120992 | Coc:7    | Identified the +4 pair of gloves of Vunem Piaw {rElec rC+
                  | Str+5 Dex+4} (You found it on level 7 of Cocytus)
121688 | Coc:7    | Identified the ring of the Ant {rCorr Str+7}
121688 | Coc:7    | Noticed Antaeus
121718 | Coc:7    | Killed Antaeus
121872 | Coc:7    | Got an icy rune of Zot
122354 | Pan      | Entered Pandemonium
122537 | Pan      | Found a huge runed translucent gate.
122538 | Pan      | Found a huge runed translucent gate.
122538 | Pan      | Found a huge runed translucent gate.
122538 | Pan      | Found a huge runed translucent gate.
122538 | Pan      | Found a huge runed translucent gate.
122539 | Pan      | Found a huge runed translucent gate.
122539 | Pan      | Found a huge runed translucent gate.
122539 | Pan      | Found a huge runed translucent gate.
122540 | Pan      | Found a huge runed translucent gate.
122540 | Pan      | Found a huge runed translucent gate.
122541 | Pan      | Found a huge runed translucent gate.
122541 | Pan      | Found a huge runed translucent gate.
122542 | Pan      | Found a huge runed translucent gate.
122542 | Pan      | Found a huge runed translucent gate.
122542 | Pan      | Found a huge runed translucent gate.
122542 | Pan      | Found a huge runed translucent gate.
122542 | Pan      | Noticed Woboh the pandemonium lord
122553 | Pan      | Found a huge runed translucent gate.
122553 | Pan      | Found a huge runed translucent gate.
122553 | Pan      | Found a huge runed translucent gate.
122553 | Pan      | Found a huge runed translucent gate.
122553 | Pan      | Found a huge runed translucent gate.
124454 | Pan      | Noticed Atueto the pandemonium lord
124463 | Pan      | Killed Atueto the pandemonium lord
125226 | Pan      | Entered the realm of Gloorx Vloq.
126212 | Pan      | Noticed Gloorx Vloq
128589 | Pan      | Killed Gloorx Vloq
128761 | Pan      | Got a dark rune of Zot
129018 | Pan      | Noticed Qylaleu the pandemonium lord
129027 | Pan      | Killed Qylaleu the pandemonium lord
131880 | Pan      | Reached skill level 15 in Spellcasting
131956 | Pan      | Reached skill level 15 in Staves
132314 | Pan      | Got a demonic rune of Zot
132345 | Pan      | Got a faintly glowing helmet
132348 | Pan      | Identified the +1 helmet of the Desolation of Salt {rN++
                  | Regen+ Str+8 Int-5} (You found it in Pandemonium)
132476 | Pan      | Noticed Reuloner the pandemonium lord
132487 | Pan      | Killed Reuloner the pandemonium lord
132821 | Pan      | Got a faintly glowing lapis lazuli ring
132822 | Pan      | Identified the ring of the Scarab {rElec AC+4} (You found
                  | it in Pandemonium)
134102 | Pan      | Found a runed translucent door.
134923 | Pan      | Found a runed translucent door.
134927 | Pan      | Found a runed translucent door.
134938 | Pan      | Identified the +4 pair of gloves "Rivolyism" {rElec Dex+7}
                  | (You found it in Pandemonium)
134947 | Pan      | Found a runed translucent door.
134957 | Pan      | Noticed Veixea the pandemonium lord
135005 | Pan      | Killed Veixea the pandemonium lord
135715 | Pan      | Found an exit through the horrors of the Abyss.
136809 | Pan      | Entered the realm of Cerebov.
137039 | Pan      | Identified the amulet of Exhibitionism {Reflect rF+ SH+5
                  | Stlth+}
137250 | Pan      | Found the +6 sword of Cerebov {flame}
137250 | Pan      | Noticed Cerebov
137292 | Pan      | Killed Cerebov
137666 | Pan      | Identified the Collected Works on Creative Heat
137685 | Pan      | Got a brightly glowing sapphire amulet
137692 | Pan      | Identified the amulet "Tyna" {Spirit rF- Str+3 Int+4 Dex+2}
                  | (You found it in Pandemonium)
137693 | Pan      | Identified the +10 war axe "Mausuysm" {drain, rN+ Int+4
                  | Dex+3} (You found it in Pandemonium)
137751 | Pan      | Identified the Grimoire of the Congealing Traveller
137760 | Pan      | Identified the +2 pair of gloves of Sin {*Slow rPois rF+
                  | Will+} (You found it in Pandemonium)
137856 | Pan      | Got a fiery rune of Zot
137997 | Pan      | Found an exit through the horrors of the Abyss.
138163 | Pan      | Entered the realm of Mnoleg.
138999 | Pan      | Noticed Mnoleg
139166 | Pan      | Paralysed by a floating eye for 4 turns
139493 | Pan      | Paralysed by a floating eye for 3 turns
139503 | Pan      | Paralysed by a floating eye for 2 turns
139507 | Pan      | Paralysed by a floating eye for 4 turns
139792 | Pan      | Got a glowing rune of Zot
140424 | Pan      | Killed Mnoleg
140983 | Pan      | Found an exit through the horrors of the Abyss.
141590 | Pan      | Entered the realm of Lom Lobon.
141612 | Pan      | Found an exit through the horrors of the Abyss.
142079 | Pan      | Noticed Lom Lobon
142104 | Pan      | Killed Lom Lobon
142114 | Pan      | Got a magical rune of Zot
142225 | Pan      | Took an exit into the Abyss.
142225 | Abyss:1  | Escaped into the Abyss
142242 | Abyss:1  | Paralysed by accursed screaming for 1 turns
142247 | Abyss:1  | Paralysed by accursed screaming for 2 turns
142250 | Abyss:1  | Paralysed by accursed screaming for 2 turns
142253 | Depths:4 | Escaped the Abyss
142913 | Tomb:1   | Entered Level 1 of the Tomb of the Ancients
144382 | Tomb:1   | Learned a level 5 spell: Blade Hands
144999 | Tomb:2   | Reached skill level 15 in Hexes
146037 | Zig:1    | Entered Level 1 of a ziggurat
146060 | Zig:2    | Entered Level 2 of a ziggurat
146075 | Zig:3    | Entered Level 3 of a ziggurat
146154 | Zig:4    | Entered Level 4 of a ziggurat
146157 | Zig:4    | Noticed Boregun the pandemonium lord
146163 | Zig:4    | Killed Boregun the pandemonium lord
146238 | Zig:5    | Entered Level 5 of a ziggurat
146299 | Zig:5    | Reached skill level 1 in Fire Magic
146454 | Zig:6    | Entered Level 6 of a ziggurat
146553 | Zig:6    | Identified the +5 dagger "Gaxeplak" {freeze, Will+ Str+5
                  | Int-2 SInv} (You found it on level 6 of a ziggurat)
146573 | Zig:7    | Entered Level 7 of a ziggurat
146735 | Zig:7    | Identified Sif Muna's Catalogue of the Congealing Birds
146747 | Zig:7    | Got a pitted steel ring
146748 | Zig:7    | Identified the ring of Foolhardiness {MP+9 Str+2 Int-3
                  | Dex+6} (You found it on level 7 of a ziggurat)
146785 | Zig:8    | Entered Level 8 of a ziggurat
146931 | Zig:9    | Entered Level 9 of a ziggurat
146975 | Zig:9    | Found the ring of the Hare {EV+8}
147053 | Zig:10   | Entered Level 10 of a ziggurat
147066 | Zig:10   | Noticed Fong the pandemonium lord
147066 | Zig:10   | Noticed Ahozyrulu the pandemonium lord
147072 | Zig:10   | Killed Fong the pandemonium lord
147089 | Zig:10   | Killed Ahozyrulu the pandemonium lord
147130 | Zig:10   | Found the +8 lance "Wyrmbane" {slay drac, rPois rF+ rC+
                  | AC+3}
147564 | Zig:10   | Got a pitted wooden ring
147566 | Zig:10   | Got a scorched brass ring
147584 | Zig:10   | Identified the ring "Teuzuce" {rN+ Str+2 Int+5} (You found
                  | it on level 10 of a ziggurat)
147585 | Zig:10   | Identified the ring of Wibalag {rF+ Dex+3} (You found it on
                  | level 10 of a ziggurat)
147596 | Zig:11   | Entered Level 11 of a ziggurat
147610 | Zig:11   | Noticed a juggernaut
147618 | Zig:11   | Killed a juggernaut
147629 | Zig:11   | Reached skill level 5 in Fire Magic
147735 | Zig:12   | Entered Level 12 of a ziggurat
148077 | Zig:12   | Identified the Incunabulum of Intoxication
148099 | Zig:13   | Entered Level 13 of a ziggurat
148174 | Zig:13   | Noticed Loyrison the pandemonium lord
148218 | Zig:13   | HP: 7/266 [Loyrison the pandemonium lord (19)]
148222 | Zig:13   | Demolished by Loyrison the pandemonium lord

Illustrated notes

Levels and vault maps discovered:
D:1:      dpeg_arrival_round_b, layout_loops_ring, minmay_three_crescents
D:2:      layout_loops_corners, xom_butterflies, evilmike_ruin_ashenzari
D:3:      layout_basic, pdpol_wu_jian_five_deadly_venoms
D:4:      layout_rooms, uniq_ijyb, uniq_pikel, uniq_sigmund
D:5:      layout_basic, lemuel_crystal_altar, nicolae_overflow_crystal_walls,
          portal_sewer_entry_b
D:6:      kennysheep_kobold_camp, layout_basic, lemuel_doored_altar,
          minmay_temple_entry_arrows, minmay_joined_circles
D:7:      layout_loops_corners, uniq_menkaure
D:8:      layout_basic, hex_large, uniq_psyche
D:9:      gammafunk_jiyva_shrine, layout_basic, david_lair_shrubbed,
          uniq_gastronok, uniq_maurice
D:10:     minmay_the_grid_square_5x5_4x4
          [minmay_the_grid_square_5x5_spiral_small,
          minmay_the_grid_square_5x5_n, minmay_the_grid_square_5x5_forky,
          minmay_the_grid_square_5x5_eight_small,
          minmay_the_grid_square_5x5_three_small,
          minmay_the_grid_square_5x5_prize_monsterx,
          minmay_the_grid_square_5x5_prize_snowflake,
          minmay_the_grid_square_5x5_inset,
          minmay_the_grid_square_5x5_sharp_hourglass,
          minmay_the_grid_square_5x5_prize_itemx,
          minmay_the_grid_square_5x5_prize_gold,
          minmay_the_grid_square_5x5_eight, minmay_the_grid_square_5x5_detours,
          minmay_the_grid_square_5x5_two, minmay_the_grid_square_5x5_fat_x,
          minmay_the_grid_square_5x5_v], layout_cave_pools, uniq_grum, uniq_urug
D:11:     layout_stronghold, serial_rivers, chequers_serial_rivers_large_a,
          chequers_serial_rivers_micro_d, chequers_serial_rivers_marsh,
          chequers_serial_rivers_micro_c, chequers_serial_rivers_small_a,
          st_stairs_11, david_greed
D:12:     layout_roguey, orc_0_dummy, gauntlet_entry_generic,
          minmay_mirror_moons_of_madness
D:13:     layout_roguey, david_vaults_1, serial_shops, nicolae_shop_behind_doors
D:14:     layout_roguey, enter_trove_3, kennysheep_cross_room
D:15:     grunt_enter_depths_snipers, layout_gridville, uniq_azrael, uniq_kirke
Lair:1:   layout_roguey, lemuel_fruit_tree
Lair:2:   layout_chaotic_city, elwin_shoals_entry_stream, worms_lemuel
Lair:3:   layout_regular_city, infiniplex_staircase_pool
Lair:4:   layout_concentric_octagons, minmay_snake_entry_guardpost_large,
          nicolae_quartered_pool_medium, chequers_serial_rivers_micro_a,
          disabler_island
Lair:5:   layout_small_grid, slime_dummy, serial_bayou_lagoon_b
Lair:6:   minmay_lair_end_frog_pond, layout_long_grid,
          portal_ice_cave_entry_ice_beasts, chequers_serial_rivers_micro_b
Shoals:1: layout_shoals
Shoals:2: layout_shoals, hangedman_shoal_volcano
Shoals:3: layout_shoals, lemuel_centaur_altar, uniq_polyphemus
Shoals:4: shoals_end_grunt_ice, layout_shoals, shoal_ilsuiw, serial_shops,
          shop_fountains, nicolae_shoals_square_sea_wall
Snake:1:  layout_basic, serial_bayou_shore_a, grunt_megastairs_3, uniq_aizul
Snake:2:  layout_honeycomb, nicolae_snake_lava_pool
Snake:3:  layout_misc_corridors, basic_altar, grunt_megastairs_2, uniq_vashnia
Snake:4:  grunt_snake_rune_spirals, layout_onion_interference,
          hangedman_snake_pattern
Slime:1:  layout_caves
Slime:2:  layout_caves
Slime:3:  layout_caves
Slime:4:  layout_caves
Slime:5
Orc:1:    layout_diamond_mine
Orc:2:    kennysheep_orc_mage_school, layout_diamond_mine, serial_shops,
          nicolae_shop_statue_plus
Vaults:1: nicolae_vaults_angled_halls, vaults_dpeg_cross, st_smaller_cells,
          vaults_room_semicircle, hangedman_vaults_trim,
          ontoclasm_vaults_misaligned, v_misc_22, nicolae_vaults_alarming,
          v_misc_5, hangedman_vaults_pinch, nicolae_vaults_ring_of_whatevers,
          ontoclasm_vaults_idyll, vaults_room_fancy_cross,
          layout_vaults_maze_bifur, portal_desolation_entry_salt
Vaults:2: hangedman_vaults_capsules, nicolae_vaults_network_square,
          ontoclasm_vaults_fire_temple, nicolae_vaults_theta,
          nicolae_vaults_yaktaur_gun_rack, vaults_mumra_minichess,
          grunt_vaults_hallway_short, vaults_standard_mumra_lines, v_misc_3,
          vaults_room_door_ring, v_misc_23, vaults_dpeg_encased_lava,
          ontoclasm_vaults_twist, layout_vaults_omnibox
Vaults:3: v_misc_28, v_misc_3, v_misc_12, layout_vaults_omnigrid,
          uniq_saint_roka
Vaults:4: v_misc_10, grunt_vaults_twisty, v_misc_15,
          ontoclasm_vaults_misaligned, v_misc_24, ontoclasm_vaults_gateway,
          ontoclasm_vaults_spin, v_misc_24, vaults_room_pool, v_misc_30,
          vaults_mumra_hexcomb, layout_vaults_omnicross, uniq_margery
Vaults:5: serial_shops
Crypt:1:  layout_misc_corridors
Crypt:2:  gammafunk_dig_for_victory, layout_rooms,
          roderic_lattice_octagonal_star
Crypt:3:  cryptofortress_bobbens
Tomb:1
Tomb:2:   uniq_jory
Depths:1: layout_cave_pools, serial_bayou_pond_b, serial_shops,
          nicolae_shop_stone, hell_entry, minmay_guarded_unrand_vampires_tooth
Depths:2: hangedman_cross_veins, layout_gridlike, chequers_big_river,
          hell_entry, serial_shops, shop_statue, kennysheep_cross_bottleneck
Depths:3: minmay_nine_rooms, layout_twisted_cross, roderic_lattice_a, pan_entry,
          hell_entry, gammafunk_ghost_split, serial_shops, kennysheep_mini_moat,
          shop, nicolae_shop_waterfront, nicolae_blasting_shop, uniq_sojobo,
          uniq_mennas, uniq_boris
Depths:4: evilmike_library_of_no_secrets, layout_gridlike, enter_ziggurat_f,
          grunt_pan_entry_in_and_out, ebering_ghost_disaster_area,
          abyss_entry_glasseish, hell_entry, chequers_hall_statues_y,
          nicolae_good_shop, minmay_shop_grove, infiniplex_staircase_zigzag_3
Depths:5: grunt_zot_entry_gee_three, layout_cave_pools, minmay_room_of_horrors,
          minmay_misc_feat_x, hell_entry, chequers_serial_rivers_micro_b,
          uniq_xtahua
Hell
Dis:1:    layout_gridville
Dis:2:    layout_regular_city, nrook_loot_triangle, hangedman_dis_chains
Dis:3:    layout_gridville
Dis:4:    layout_overlapping_boxes
Dis:5:    layout_gridville
Dis:6:    layout_gridville
Dis:7:    iron_city_of_dis [dis_grunt, dis_wall_5], layout_chaotic_city
Geh:1:    layout_gehenna_pools_basic
Geh:2:    layout_gehenna_pools_triple, not_door_vault_due
Geh:3:    layout_gehenna_lava_caves
Geh:4:    layout_gehenna_lava_caves
Geh:5:    layout_gehenna_pools_box, lemuel_elevator
Geh:6:    layout_gehenna_pools_box
Geh:7:    geh_mu
Coc:1:    layout_cocytus_water_paths
Coc:2:    layout_ice_bergs
Coc:3:    layout_ice_bergs
Coc:4:    layout_ice_bergs
Coc:5:    layout_ice_bergs
Coc:6:    layout_cocytus_water_paths, serial_ice
Coc:7:    coc_mu
Tar:1:    layout_grid_maze, grunt_megastairs_1
Tar:2:    layout_honeycomb
Tar:3:    regret_index_dithmenos_brocken_genspenst, layout_cathedral_of_symmetry
Tar:4:    layout_grid_maze, nicolae_tar_cuneiform_three
Tar:5:    layout_honeycomb
Tar:6:    layout_grid_maze
Tar:7:    tar_mu [tar_mu_maze]
Zot:1:    lemuel_draconian_sentries_small, layout_basic
Zot:2:    layout_gridlike, grunt_megastairs_5
Zot:3:    layout_onion_interference, st_small_dragon_hoard_2
Zot:4:    layout_misc_corridors
Zot:5:    layout_gridlike, guppyfry_library_mini
Zig:13

Skill      XL: |  1  2  3  4  5  6  7  8  9 10 11 12 13 14 15 16 17 18 19 20 21 22 23 24 25 26 27 |
---------------+----------------------------------------------------------------------------------+-----
Dodging        | 2 4 5 6 8 10 14 | 14.1
Conjurations   | 4 5 6 7 8 10 11 13 14 15 16 17 18 19 20 21 25 | 25.4
Spellcasting   | 2 3 4 5 7 8 9 10 11 12 14 17 | 17.8
Stealth        | 3 5 6 7 8 10 | 10.0
Hexes          | 2 4 6 7 8 9 10 11 12 15 | 15.1
Translocations | 1 2 3 4 5 |  5.0
Shields        | 4 5 6 8 9 10 13 | 13.0
Fighting       | 3 4 6 8 10 13 14 15 16 17 18 19 25 | 25.1
Armour         | 2 3 4 5 6 7 9 11 13 15 23 | 23.2
Staves         | 5 9 11 12 13 17 | 17.4
Evocations     | 2 4 5 6 |  6.0
Earth Magic    | 3 5 9 11 13 | 13.6
Summonings     | 4 6 9 10 13 | 13.2
Air Magic      | 3 |  3.1
Necromancy     | 5 9 10 20 | 20.3
Transmutations | 18 | 18.0
Fire Magic     | 6 |  6.0
Maces & Flails | |  0.5

Action                   |  1- 3 |  4- 6 |  7- 9 | 10-12 | 13-15 | 16-18 | 19-21 | 22-24 | 25-27 || total
-------------------------+-------+-------+-------+-------+-------+-------+-------+-------+-------++-------
Melee: Unarmed           |    17 |       |       |       |       |       |       |       |       ||    17
       Mace              |       |       |    14 |    32 |       |       |       |       |       ||    46
       Staff             |       |       |       |       |   337 |   383 |   274 |   703 |  2781 ||  4478
       Lajatang          |       |       |       |       |       |       |       |    29 |   517 ||   546
       Dagger            |       |       |       |       |       |       |       |       |   185 ||   185
       War axe           |       |       |       |       |       |       |       |       |    97 ||    97
Throw: Boomerang         |       |       |       |       |       |       |       |       |     4 ||     4
       Throwing net      |       |       |       |       |       |       |       |       |     2 ||     2
 Cast: Magic Dart        |    54 |    27 |   177 |   114 |   140 |    51 |     6 |       |       ||   569
       Searing Ray       |     7 |    10 |   109 |    91 |   105 |    44 |     2 |       |       ||   368
       Fulminant Prism   |       |       |     3 |   105 |   217 |   440 |   312 |    94 |   152 ||  1323
       Iskenderun's Myst |       |       |     1 |    69 |   245 |   352 |   437 |    71 |   580 ||  1755
       Dazzling Flash    |       |       |       |     5 |       |       |       |       |       ||     5
       Tukima's Dance    |       |       |       |     7 |    26 |    99 |    34 |       |       ||   166
       Summon Guardian G |       |       |       |       |     5 |       |       |       |       ||     5
       Blink             |       |       |       |       |     1 |     7 |     1 |     1 |     2 ||    12
       Confusing Touch   |       |       |       |       |       |     1 |       |       |       ||     1
       Stone Arrow       |       |       |       |       |       |       |    42 |       |       ||    42
       Iron Shot         |       |       |       |       |       |       |    70 |   423 |  2679 ||  3172
       Lehudib's Crystal |       |       |       |       |       |       |    10 |    27 |       ||    37
       Summon Mana Viper |       |       |       |       |       |       |     2 |   124 |   187 ||   313
       Cause Fear        |       |       |       |       |       |       |     2 |     3 |       ||     5
       Spellforged Servi |       |       |       |       |       |       |       |    20 |   130 ||   150
       Sublimation of Bl |       |       |       |       |       |       |       |     1 |   646 ||   647
       Orb of Destructio |       |       |       |       |       |       |       |       |   395 ||   395
       Necromutation     |       |       |       |       |       |       |       |       |   150 ||   150
       Passage of Golubr |       |       |       |       |       |       |       |       |     2 ||     2
 Abil: Evoke Flight      |       |       |       |       |       |       |       |     1 |     8 ||     9
       Stop Flying       |       |       |       |       |       |       |       |       |     1 ||     1
Evoke: Wand              |       |       |       |       |       |       |       |    14 |    11 ||    25
       Phantom mirror    |       |       |       |       |       |       |       |       |     2 ||     2
  Use: Scroll            |     6 |       |     7 |    20 |    14 |     5 |    13 |    10 |    78 ||   153
       Potion            |       |       |     2 |     6 |     3 |     1 |       |     5 |     7 ||    24
 Stab: Sleeping          |       |       |       |     1 |     5 |     5 |     7 |     7 |     2 ||    27
       Invisible         |       |       |       |     1 |       |       |       |       |     4 ||     5
       Distracted        |       |       |       |       |     3 |     6 |     6 |    11 |    17 ||    43
       Held in net/web   |       |       |       |       |       |       |       |       |     2 ||     2
Armor: Robe              |     2 |       |       |       |       |       |       |       |       ||     2
       Leather armour    |       |     2 |    31 |    27 |    67 |    26 |       |       |       ||   153
       Skin              |       |       |       |     1 |       |       |       |     9 |       ||    10
       Troll leather arm |       |       |       |       |    29 |    64 |    90 |    62 |   104 ||   349
       Plate armour      |       |       |       |       |       |       |       |    86 |       ||    86
       Crystal plate arm |       |       |       |       |       |       |       |   184 |  3945 ||  4129
Dodge: Dodged            |    15 |     1 |    35 |   141 |   327 |   350 |   316 |   389 |  3105 ||  4679
       Repelled          |       |       |       |     2 |    13 |    61 |    15 |    11 |    77 ||   179
Block: Buckler           |       |       |     7 |    48 |   138 |   157 |   155 |   231 |  1764 ||  2500

Table legend: (Time is in decaauts)
 A = Elapsed time spent in this place.
 B = Non-inter-level travel time spent in this place.
 C = Inter-level travel time spent in this place.
 D = Time resting spent in this place.
 E = Time spent auto-exploring this place.
 F = Levels seen in this place.
 G = Mean time per level.
                   A        B        C        D        E       F      G
               +--------+--------+--------+--------+--------+-----+--------+
         Total | 147690 | 136232 |  11458 |  42906 |  39754 | 126 | 1172.1 |
       Dungeon |  27141 |  23550 |   3591 |   7554 |  10481 |  15 | 1809.4 |
          Lair |  10786 |   9318 |   1468 |   2632 |   4546 |   6 | 1797.7 |
        Shoals |   7397 |   6621 |    776 |   2044 |   2878 |   4 | 1849.2 |
     Snake Pit |   9879 |   8969 |    910 |   3425 |   2076 |   4 | 2469.8 |
    Slime Pits |   3196 |   3121 |     75 |   1346 |    514 |   5 |  639.2 |
  Orcish Mines |   2694 |   2216 |    478 |    241 |   1293 |   2 | 1347.0 |
        Vaults |  13597 |  12252 |   1345 |   3677 |   3925 |   5 | 2719.4 |
         Crypt |   5300 |   4798 |    502 |   1252 |   2216 |   3 | 1766.7 |
          Tomb |   2745 |   2521 |    224 |   1087 |    188 |   2 | 1372.5 |
        Depths |  12568 |  11573 |    995 |   4260 |   3583 |   5 | 2513.6 |
          Hell |   3029 |   2945 |     84 |   1725 |    470 |   1 | 3029.0 |
           Dis |   4921 |   4728 |    193 |    707 |    229 |   7 |  703.0 |
       Gehenna |   3454 |   3264 |    190 |    468 |    174 |   7 |  493.4 |
       Cocytus |   3239 |   3200 |     39 |    587 |      0 |   7 |  462.7 |
      Tartarus |   4645 |   4305 |    340 |    491 |      0 |   7 |  663.6 |
           Zot |   5673 |   5431 |    242 |   1449 |   2672 |   5 | 1134.6 |
         Abyss |   1428 |   1428 |      0 |    244 |     55 |   6 |  238.0 |
   Pandemonium |  19281 |  19281 |      0 |   6864 |   3744 |  17 | 1134.2 |
      Ziggurat |   2130 |   2130 |      0 |   1179 |     93 |  13 |  163.8 |
         Trove |     46 |     46 |      0 |      0 |      0 |   1 |   46.0 |
         Sewer |    892 |    892 |      0 |    542 |     27 |   1 |  892.0 |
      Ice Cave |    869 |    869 |      0 |    386 |    186 |   1 |  869.0 |
    Desolation |   2087 |   2087 |      0 |    516 |    261 |   1 | 2087.0 |
      Gauntlet |    683 |    683 |      0 |    226 |    142 |   1 |  683.0 |
               +--------+--------+--------+--------+--------+-----+--------+

Top non-repeatable levels by time:
Vaults:5: 4966 daAuts
     D:9: 3744 daAuts
 Snake:4: 3731 daAuts
Depths:4: 3339 daAuts
Depths:3: 3066 daAuts
    Hell: 3029 daAuts
   Dis:7: 2988 daAuts
Vaults:3: 2982 daAuts
   Tar:7: 2869 daAuts
  Tomb:1: 2698 daAuts
Depths:2: 2489 daAuts
    D:10: 2471 daAuts
Shoals:3: 2453 daAuts
   Coc:7: 2438 daAuts
 Snake:1: 2347 daAuts
